Workbook

Sheet ELETROTÉCNICO SINDLIMP
A1: PLANILHA DE CUSTOS E FORMAÇÃO DE PREÇOS
A2: MODELO PARA A CONSOLIDAÇÃO E APRESENTAÇÃO DE PROPOSTAS
A3: Categoria profissional: ELETROTÉCNICO
A5: Discriminação dos Serviços
A6: A | B6: Município | H6: Mossoró
A7: B | B7: Ano do Acordo, Convenção ou Dissídio Coletivo | H7: SINDLIMP CCT RN000009/2025
A8: C | B8: Nº de meses de execução contratual | H8: 12
A10: Dados para composição dos custos referentes à mão-de-obra
A11: 1 | B11: Tipo de serviço (mesmo serviço com características distintas) | H11: Seviços de Eletrotécnico
A12: 2 | B12: Classificação Brasileira de Ocupações (CBO) | H12: 3131-05
A13: 3 | B13: Salário Nominativo da Categoria Profissional | H13: 4080.65
A14: 4 | B14: Categoria profissional (vinculada à execução contratual) | H14: Eletrotécnico - Carga horária de 44 horas semanais
A15: 5 | B15: Data base da categoria (dia/mês/ano) | H15: 45658
A17: MÓDULO 1 - COMPOSIÇÃO DA REMUNERAÇÃO
A18: 1 | B18: COMPOSIÇÃO DA REMUNERAÇÃO | H18: % | I18: VALOR (R$)
A19: A | B19: Salário Base | I19: 4080.65
A20: B | B20: Adicional Periculosidade (Art.193 CLT, Súmula 191 TST e Lei 12.740/2012) | H20: 0.3 | I20: =I19*H20 -> 1224.195
A21: C | B21: Adicional Insalubridade | I21: 0
A22: D | B22: Adicional Noturno | I22: 0
A23: E | B23: Adicional de Hora Noturna Reduzida | I23: 0
A24: F | B24: Adicional de Hora Extra no Feriado Trabalhado | I24: 0
A25: G | B25: Outros (especificar) | I25: 0
A26: TOTAL DO MÓDULO 1 | I26: =TRUNC(SUM(I19:I25),2) -> 5304.84
A28: MÓDULO 2 – ENCARGOS E BENEFÍCIOS ANUAIS, MENSAIS E DIÁRIOS
A29: Submódulo 2.1 - 13º Salário, Férias e Adicional de Férias | H29: % | I29: VALOR (R$)
A30: A | B30: 13 (Décimo-terceiro) salário -Cálculo: 1/12*100 ( Art.7º, VIII, CF/88, Anexo VII-D da IN nº 05/2017) | H30: 0.0833 | I30: =$I$26*H30 -> 441.89317
A31: B | B31: Férias e Adicional de Férias - Cálculo: 1/11x100+1/3x1/11 x100 (% Conta Vinculada- Anexo XII da IN nº 05/2017) | H31: 0.121 | I31: =H31*I26 -> 641.88564
A32: TOTAL SUBMÓDULO 2.1 | H32: =TRUNC(SUM(H30:H31),4) -> 0.2043 | I32: =TRUNC(SUM(I30:I31),2) -> 1083.77
A34: Submódulo 2.2 - GPS, FGTS e Outras Contribuições | H34: % | I34: VALOR (R$)
A35: A | B35: INSS (Art. 22, Inciso I da Lei 8.212/91) | H35: 0.2 | I35: =H35*($I$26+I32) -> 1277.722
A36: B | B36: Salário Educação (Art.3º, Inciso I, Decreto 87.043/82) | H36: 0.025 | I36: =H36*($I$26+I32) -> 159.71525
A37: C | B37: SAT (Seguro Acidente de Trabalho) (RATxFAP – Fundamentação: art. 22, inciso II, alíneas ‘b’ e ‘c’, da Lei nº 8.212/91. Conforme GFIP do mês anterior à data da proposta – Para estimativa, foi considerado o maior valor possível). A empresa deve comprovar a alíquota efetiva que utiliza | H37: 0.03 | I37: =H37*($I$26+I32) -> 191.6583
A38: D | B38: SESC ou SESI (Art.3º, da lei 8036/90) | H38: 0.015 | I38: =H38*($I$26+I32) -> 95.82915
A39: E | B39: SENAI - SENAC (Decreto 2.318/86) | H39: 0.01 | I39: =H39*($I$26+I32) -> 63.8861
A40: F | B40: SEBRAE (Art.8º, Lei 8029/90 e Lei 8154/90) | H40: 0.006 | I40: =H40*($I$26+I32) -> 38.33166
A41: G | B41: INCRA (Dec.Lei 1146/70) | H41: 0.002 | I41: =H41*($I$26+I32) -> 12.77722
A42: H | B42: FGTS (Art.15, da Lei 8036/90 e Art.7º III, CF) | H42: 0.08 | I42: =H42*($I$26+I32) -> 511.0888
A43: TOTAL SUBMÓDULO 2.2 | H43: =SUM(H35:H42) -> 0.368 | I43: =TRUNC(SUM(I35:I42),2) -> 2351
A45: Submódulo 2.3 - Benefícios Mensais e Diários | I45: VALOR (R$)
A46: A | B46: Transporte - Cálculo: Valor V.T. x nº de passagens por mês – (6% x S.B.) - (Cláusula 16ª da CCT RN000009/2025) | H46: - | I46: =IF(ROUND((H47*H48)-(I19*0.06),2)<0,0,ROUND((H47*H48)-(I19*0.06),2)) -> 0
B47: A.1) Valor da passagem do transporte coletivo no município prestação dos serviços | H47: 3.3
B48: A.2) Quantidade de passagens por mês (Cláusula 16ª da CCT RN000009/2025) | H48: 52
A49: B | B49: Auxílio-Refeição/Alimentação - Cálculo: Vr. Vale refeição - 20% (parte empregado) (Cláusula 14ª da CCT, Lei PAT) A empresa deve comprovar PAT. | H49: - | I49: =H50-H51 -> 0
B50: B.1) Valor do Auxílio-Alimentação por mês | H50: 0
B51: B.2) Valor Custeado pelo empregado - 20% sobre o valor do Vale refeição | H51: =H50*20/100 -> 0
A52: C | B52: Benefício Social Familiar (Cláusula 19ª da CCT RN000009/2025) | H52: - | I52: 16.13
A53: D | B53: Auxílio Saúde (Cláusula 17ª da CCT RN000009/2025) | H53: - | I53: 137.98
A54: E | B54: Programa de Qualificação Profissional e Marketing - PQM (Cláusula 28ª da CCT RN000009/2025) | H54: - | I54: 5.6
A55: F | B55: Coberturas Sociais | H55: - | I55: 0
A56: TOTAL SUBMÓDULO 2.3 | I56: =SUM(I46:I55) -> 159.71
A58: QUADRO-RESUMO DO MÓDULO 2 - ENCARGOS, BENEFÍCIOS ANUAIS, MENSAIS E DIÁRIOS
A59: Módulo 2 - Encargos, Benefícios Anuais, Mensais e Diários | I59: VALOR (R$)
A60: 2.1 | B60: 13º Salário, Férias e Adicional de Férias | I60: =I32 -> 1083.77
A61: 2.2 | B61: GPS, FGTS e Outras Contribuições | I61: =I43 -> 2351
A62: 2.3 | B62: Benefícios Mensais e Diários | I62: =I56 -> 159.71
A63: TOTAL DO MÓDULO 2 | I63: =TRUNC(SUM(I60:I62),2) -> 3594.48
A65: MÓDULO 3 – PROVISÃO PARA RESCISÃO
A66: 3 | B66: PROVISÃO PARA RESCISÃO | H66: % | I66: VALOR (R$)
A67: A | B67: Aviso Prévio Indenizado - Artigos 7º, XXI, da CF/88, 477, 487 e 491, da CLT. Dado estatístico do TCU, por meio do Acórdão 1904/2007 Considerando-se que 5,55% dos empregados são substituídos durante o ano. Cálculo: {[0,0555 x (1 / 12)] x 100} = 0,46%. Caso conste o percentual na CCT esta deverá ser utilizada com parâmetro. Na prorrogação a empresa deverá apresentar documentos comprobatórios dos avisos prévios indenizados para adequação dos percentuais na renovação contratual. | H67: 0.0046 | I67: =$I$26*H67 -> 24.402264
A68: B | B68: Incidência do FGTS sobre Aviso Prévio Indenizado - Cálculo: Percentual de recolhimento do FGTS (8%) * percentual Aviso Prévio Indenizado | H68: =0.08*H67 -> 0.000368 | I68: =H68*I26 -> 1.9521811
A69: C | B69: Multa do FGTS sobre o Aviso Prévio Indenizado - Cálculo: % Multa sobre FGTS = [1 + 2/12 + (1/3 × 1/12 ) ] × 0,08 × 0,4 × 0,9 × 100 ≅ 3,44%, onde: % Multa sobre FGTS = Índice que demonstra o custo estimado com a Multa do FGTS sobre o Aviso Prévio Indenizado, 1= Remuneração mensal, 2/12 = Estimativa de 13º e férias sobre a remuneração, (1/3 × 1/12 )= Estimativa de 1/3 de férias , 0,08 = Alíquota do FGTS, 0,4 = Alíquota da Multa sobre o saldo do FGTS, 0,9 = 90% dos funcionários remanescentes(Para fins deste modelo, considera-se que cerca de 10% dos empregados pedem demissão, e, portanto, o custo da multa sobre o saldo do FGTS recai sobre os 90% remanescentes). Manual de preenchimento do modelo de planilhas de custos e de formação de preços do Superior Tribunal de Justiça / Superior Tribunal de Justiça(STJ), 2020. Pág.63 | H69: 0.0344 | I69: =$I$26*H69 -> 182.4865
A70: D | B70: Aviso Prévio Trabalhado - Artigos, 7º, XXI, da CF/88, 477, 487 e 491 da CLT. Há uma redução da jornada em duas horas por dia ou em sete dias. Cálculo: {[(7/ 30) / 12] x 100} = 1,94%. Na prorrogação contratual adotara-se as diretrizes do Acórdão do TCU nº 1.186/2017 Plenário: "9.2. determinar ao Tribunal Regional do Trabalho da 6ª Região que, nas futuras contratações de mão de obra terceirizada, esteja expresso na minuta do contrato que a parcela mensal a título de aviso prévio trabalhado será no percentual máximo de 1,94% no primeiro ano, nos termos dos Acórdãos 1904/2007-TCU-Plenário e 3006/2010-TCU-Plenário, e, em caso de prorrogação do contrato, o percentual máximo dessa parcela será de 0,194% a cada ano de prorrogação, a ser incluído por ocasião da formulação do aditivo da prorrogação do contrato, conforme ditames da Lei 12.506/2011;" | H70: 0.0194 | I70: =$I$26*H70 -> 102.9139
A71: E | B71: Incidência dos encargos do submódulo 2.2 sobre Aviso Prévio Trabalhado | H71: =H43*H70 -> 0.0071392 | I71: =$I$26*H71 -> 37.872314
A72: F | B72: Multa do FGTS sobre o Aviso Prévio Trabalhado - Cálculo: % Multa sobre FGTS = 0,0194 × 0,08 × 0,4 × 100 ≅ 0,062% , onde: % Multa sobre FGTS = Índice que demonstra o custo estimado com a Multa do FGTS sobre o Aviso Prévio Trabalhado, 1= Remuneração mensal, APT = Aviso Prévio Trabalhado disposto no item “D” do Módulo 3, 0,08 = Alíquota do FGTS, 0,4 = Alíquota da Multa sobre o saldo do FGTS. Manual de preenchimento do modelo de planilhas de custos e de formação de preços do Superior Tribunal de Justiça / Superior Tribunal de Justiça(STJ), 2020. Pág.66 | H72: 0.00062 | I72: =$I$26*H72 -> 3.2890008
A73: TOTAL DO MÓDULO 3 | H73: =TRUNC(SUM(H67:H72),4) -> 0.0665 | I73: =TRUNC(SUM(I67:I72),2) -> 352.91
A75: MÓDULO 4 – CUSTO DE REPOSIÇÃO DO PROFISSIONAL AUSENTE
A76: Submódulo 4.1 - Ausências Legais | H76: % | I76: VALOR (R$)
A77: A | B77: Férias - No segundo ano em diante o empregado trabalha 11 e tira férias (1 salário x (1/11)x100 = 9,09% ), então entende-se que a provisão mais correta seria por 11 meses ao invés de 12. No primeiro ano fica a provisão das férias no Módulo 2.1, enquanto que, as férias do substituto é glosada (não paga), daí a partir da primeira prorrogação inverte-se. | H77: 0 | I77: =$I$26*H77 -> 0
A78: B | B78: Ausências Legais - Artigo 473 da CLT. Faltas abonadas por lei, 2 dias em caso de morte do cônjuge, ascendente ou descendente; 1 dia para registro de nascimento de filho; 3 dias para casamento; 1 dia para doação de sangue; 2 dias para alistamento eleitoral; e 1 dia para exigências do serviço militar; entre outros Caso não disponha na CCT pode-se utilizar o Dado estatístico do TCU, por meio do Acórdão 1904/2007(IBGE): em média, uma ausência ao ano. Cálculo: {[(1 / 30) / 12] x 100} = 0,28% Na prorrogação do contrato a empresa deverá apresentar declaração de doação de sangue emitido pelo laboratório, certidão de nascimento de filhos ou de óbito de parentes e demais comprovantes que justifiquem as faltas consoante o planilhamento e, opcionalmente, comprovação de pagamento de diaristas para cobrir o profissional ausente. | H78: 0.0028 | I78: =$I$26*H78 -> 14.853552
A79: C | B79: Licença Paternidade - Artigos 7º, XIX, da CF/88 e art. 10 § 1º da ADCT. Caso não disponha na CCT pode-se utilizar o seguinte, Dado estatístico do IBGE (2015): 1,72% (ou média história se houver) tornam-se pais em um ano. A licença é de cinco dias. Cálculo: {[(5 / 30) / 12] x 0,0172} x 100 = 0,02%. Obs: Algumas empresas são cadastrada no programa Empresa Cidadã, o prazo será estendido para 20 dias (cinco dias, prorrogáveis por mais 15 dias. Na prorrogação do contrato a empresa deverá apresentar as certidões de nascimento dos filhos dos empregados, planilhar e comprovar os custos das 5 diárias para repor cada empregado nesse período de licença e dividir por 12 para apropriar essa despesa na planilha mensal. | H79: 0.0002 | I79: =$I$26*H79 -> 1.060968
A80: D | B80: Ausência por Acidente de Trabalho - Artigos 19 a 23 da Lei n.º 8.213/91. Caso não disponha na CCT pode-se utilizar o seguinte padrão considerando-se os dados estatístico do TCU, por meio do Acórdão 1904/2007(IBGE)[Fonte: IBGE]: 8% sofrem acidente durante o ano. Cotados os 15 primeiros dias pagos pela empresa. Cálculo: {[(15 / 30) / 12] 0,08} x 100 = 0,33%. Na prorrogação do contrato a empresa deverá apresentar cópia dos comunicados de afastamento emitidos pela Previdência Social (RFB) para comprovar que teve o custo dos 15 primeiros dias de trabalho do empregado, inclusive planilhar e comprovar o custo dessas 15 diárias para manter o posto de serviço. | H80: 0.0033 | I80: =$I$26*H80 -> 17.505972
A81: E | B81: Afastamento Maternidade - Art. 392 CLT. Caso não disponha na CCT pode-se utilizar o seguinte padrão, o salário referente ao período de licença maternidade é coberto pela previdência social, inclusive a gratificação natalina respectiva, de modo que o salário do substituto e o décimo terceiro respectivo já consta na planilha de custos. Contudo, a previdência social não cobre a remuneração de férias proporcional ao período da licença, de modo que a planilha acaba não cobrindo as férias do substituto. Para resolver tal situação, deve-se incluir no item as férias sobre licença maternidade. Para tanto, sugere-se o seguinte cálculo: 12,10% = 0,1210 (custo sobre os salários das férias integrais dos trabalhadores), 1,72% = 0,0172 (percentual estatístico adotado como de empregadas que se afastam por licença maternidade, ou média histórica se houver), 4 meses ao ano = 4/12 = 0,3333 (período em um ano que se referem as férias proporcionais ora calculadas). Cálculo [(0,1210 x 0,0172 x 0,333) x 100] = 0,07%. Na prorrogação do contrato a empresa deverá apresentar as certidões de nascimento dos filhos dos empregados, planilhar e comprovar os custos das 4 meses para repor cada empregada nesse período de licença e dividir por 12 para apropriar essa despesa na planilha mensal. | H81: 0.0007 | I81: =$I$26*H81 -> 3.713388
A82: F | B82: Ausência por Auxílio Doença - Artigos 59 a 64 da Lei n.º 8.213/91 e 71 a 80 do Regulamento da Previdência Social, caso não disponha na CCT pode-se utilizar o seguinte padrão considerando-se do TCU, por meio do Acórdão 1904/2007(IBGE) que a empresa suporta apenas os 15 primeiros dias da licença, os demais são pagos pelo INSS. Para efetuar o cálculo, utiliza-se a estatística de 5 faltas em 1 ano. {[( 5 / 30) / 12] x 100} = {[ 0,1666 / 12] x 100} = {0,0139 x 100} = 1,39%. | H82: 0.0139 | I82: =$I$26*H82 -> 73.737276
A83: TOTAL SUBMÓDULO 4.1 | H83: =TRUNC(SUM(H77:H82),4) -> 0.0209 | I83: =TRUNC(SUM(I77:I82),2) -> 110.87
A85: Submódulo 4.2 - Intrajornada | H85: % | I85: VALOR (R$)
A86: A | B86: Intervalo para Repouso ou Alimentação | H86: 0 | I86: =$I$26*H86 -> 0
A87: TOTAL SUBMÓDULO 4.2 | H87: =TRUNC(SUM(H86),4) -> 0 | I87: =TRUNC(SUM(I86),2) -> 0
A89: QUADRO-RESUMO DO MÓDULO 4 - CUSTO DE REPOSIÇÃO DO PROFISSIONAL AUSENTE
A90: Módulo 4 - Custo de Reposição do Profissional Ausente | I90: VALOR (R$)
A91: 4.1 | B91: Ausências Legais | I91: =I83 -> 110.87
A92: 4.2 | B92: Intrajornada | I92: =I87 -> 0
A93: TOTAL DO MÓDULO 4 | I93: =TRUNC(SUM(I91:I92),2) -> 110.87
A95: MÓDULO 5 – INSUMOS DIVERSOS
A96: 5 | B96: INSUMOS DIVERSOS | I96: VALOR (R$)
A97: A | B97: Uniformes/EPI | H97: - | I97: 161.74
A98: B | B98: Materiais | H98: - | I98: 0
A99: C | B99: Equipamentos | H99: - | I99: 0
A100: D | B100: Outros (especificar) | H100: - | I100: 0
A101: TOTAL DO MÓDULO 5 | H101: - | I101: =TRUNC(SUM(I97:I100),2) -> 161.74
A103: MÓDULO 6 – CUSTOS INDIRETOS, TRIBUTOS E LUCRO
A104: 6 | B104: CUSTOS INDIRETOS, TRIBUTOS E LUCRO | H104: % | I104: VALOR (R$)
A105: A | B105: Custos Indiretos | H105: 0.03 | I105: =TRUNC(H105*I129,2) -> 285.74
A106: B | B106: Lucro | H106: 0.0679 | I106: =TRUNC(H106*(I105+I129),2) -> 666.13
A107: C | B107: TRIBUTOS (A empresa deve apresentar o regime tributário e as alíquotas as quais está sujeita)
A108: C.1 | B108: PIS - Para empresas do regime de tributação pelo regime Lucro Real (regime não cumulativo) aliquota de 1,65% (Lei 10.637, de 2002, art. 2º); Para empresas do regime de tributação Lucro Presumido (regime cumulativo) alíquota de 0,65%. (Lei nº 9.715, de 1998, art. 8º, inciso I e posteriores alterações) | H108: 0.0165 | I108: =TRUNC(H108*I118,2) -> 201.59
A109: C.2 | B109: COFINS - Para empresas do regime de tributação Lucro Real (regime não cumulativo) alíquota de 7,60% (Lei 10.833, de 2003, art.2º); Para empresas do regime de tributação Lucro Presumido (regime cumulativo) alíquota de 3,00%. (Lei nº 9.718, de 1998, art. 8º e posteriores alterações) | H109: 0.076 | I109: =TRUNC(H109*I118,2) -> 928.54
A110: C.3 | B110: ISS | H110: 0.05 | I110: =TRUNC(H110*I118,2) -> 610.88
A111: TOTAL DO MÓDULO 6 | H111: =SUM(H105:H110) -> 0.2404 | I111: =TRUNC(SUM(I105:I110),2) -> 2692.88
A113: a) | B113: Tributos % = To = ............................................................. | H113: =TRUNC(H108+H109+H110,4) -> 0.1425
B114: 100
...

Sheet ELETRICISTA SINDLIMP
A1: PLANILHA DE CUSTOS E FORMAÇÃO DE PREÇOS
A2: MODELO PARA A CONSOLIDAÇÃO E APRESENTAÇÃO DE PROPOSTAS
A3: Categoria profissional: ELETRICISTA
A5: Discriminação dos Serviços
A6: A | B6: Município | H6: Mossoró
A7: B | B7: Ano do Acordo, Convenção ou Dissídio Coletivo | H7: SINDLIMP CCT RN000009/2025
A8: C | B8: Nº de meses de execução contratual | H8: 12
A10: Dados para composição dos custos referentes à mão-de-obra
A11: 1 | B11: Tipo de serviço (mesmo serviço com características distintas) | H11: Seviços de Eletricista
A12: 2 | B12: Classificação Brasileira de Ocupações (CBO) | H12: 9511-05
A13: 3 | B13: Salário Nominativo da Categoria Profissional | H13: 2276.01
A14: 4 | B14: Categoria profissional (vinculada à execução contratual) | H14: Eletricista - Carga horária de 44 horas semanais
A15: 5 | B15: Data base da categoria (dia/mês/ano) | H15: 45658
A17: MÓDULO 1 - COMPOSIÇÃO DA REMUNERAÇÃO
A18: 1 | B18: COMPOSIÇÃO DA REMUNERAÇÃO | H18: % | I18: VALOR (R$)
A19: A | B19: Salário Base | I19: 2276.01
A20: B | B20: Adicional Periculosidade (Art.193 CLT, Súmula 191 TST e Lei 12.740/2012) | H20: 0.3 | I20: =I19*H20 -> 682.803
A21: C | B21: Adicional Insalubridade
A22: D | B22: Adicional Noturno
A23: E | B23: Adicional de Hora Noturna Reduzida
A24: F | B24: Adicional de Hora Extra no Feriado Trabalhado
A25: G | B25: Outros (especificar) | I25: 0
A26: TOTAL DO MÓDULO 1 | I26: =TRUNC(SUM(I19:I25),2) -> 2958.81
A28: MÓDULO 2 – ENCARGOS E BENEFÍCIOS ANUAIS, MENSAIS E DIÁRIOS
A29: Submódulo 2.1 - 13º Salário, Férias e Adicional de Férias | H29: % | I29: VALOR (R$)
A30: A | B30: 13 (Décimo-terceiro) salário -Cálculo: 1/12*100 ( Art.7º, VIII, CF/88, Anexo VII-D da IN nº 05/2017) | H30: 0.0833 | I30: =$I$26*H30 -> 246.46887
A31: B | B31: Férias e Adicional de Férias - Cálculo: 1/11x100+1/3x1/11 x100 (% Conta Vinculada- Anexo XII da IN nº 05/2017) | H31: 0.121 | I31: =H31*I26 -> 358.01601
A32: TOTAL SUBMÓDULO 2.1 | H32: =TRUNC(SUM(H30:H31),4) -> 0.2043 | I32: =TRUNC(SUM(I30:I31),2) -> 604.48
A34: Submódulo 2.2 - GPS, FGTS e Outras Contribuições | H34: % | I34: VALOR (R$)
A35: A | B35: INSS (Art. 22, Inciso I da Lei 8.212/91) | H35: 0.2 | I35: =H35*($I$26+I32) -> 712.658
A36: B | B36: Salário Educação (Art.3º, Inciso I, Decreto 87.043/82) | H36: 0.025 | I36: =H36*($I$26+I32) -> 89.08225
A37: C | B37: SAT (Seguro Acidente de Trabalho) (RATxFAP – Fundamentação: art. 22, inciso II, alíneas ‘b’ e ‘c’, da Lei nº 8.212/91. Conforme GFIP do mês anterior à data da proposta – Para estimativa, foi considerado o maior valor possível). A empresa deve comprovar a alíquota efetiva que utiliza | H37: 0.03 | I37: =H37*($I$26+I32) -> 106.8987
A38: D | B38: SESC ou SESI (Art.3º, da lei 8036/90) | H38: 0.015 | I38: =H38*($I$26+I32) -> 53.44935
A39: E | B39: SENAI - SENAC (Decreto 2.318/86) | H39: 0.01 | I39: =H39*($I$26+I32) -> 35.6329
A40: F | B40: SEBRAE (Art.8º, Lei 8029/90 e Lei 8154/90) | H40: 0.006 | I40: =H40*($I$26+I32) -> 21.37974
A41: G | B41: INCRA (Dec.Lei 1146/70) | H41: 0.002 | I41: =H41*($I$26+I32) -> 7.12658
A42: H | B42: FGTS (Art.15, da Lei 8036/90 e Art.7º III, CF) | H42: 0.08 | I42: =H42*($I$26+I32) -> 285.0632
A43: TOTAL SUBMÓDULO 2.2 | H43: =SUM(H35:H42) -> 0.368 | I43: =TRUNC(SUM(I35:I42),2) -> 1311.29
A45: Submódulo 2.3 - Benefícios Mensais e Diários | I45: VALOR (R$)
A46: A | B46: Transporte - Cálculo: Valor V.T. x nº de passagens por mês – (6% x S.B.) - (Cláusula 16ª da CCT RN000009/2025) | H46: - | I46: =IF(ROUND((H47*H48)-(I19*0.06),2)<0,0,ROUND((H47*H48)-(I19*0.06),2)) -> 35.04
B47: A.1) Valor da passagem do transporte coletivo no município prestação dos serviços | H47: 3.3
B48: A.2) Quantidade de passagens por mês (Cláusula 16ª da CCT RN000009/2025) | H48: 52
A49: B | B49: Auxílio-Refeição/Alimentação - Cálculo: Vr. Vale refeição - 20% (parte empregado) (Cláusula 14ª da CCT, Lei PAT) A empresa deve comprovar PAT. | H49: - | I49: =H50-H51 -> 0
B50: B.1) Valor do Auxílio-Alimentação por mês | H50: 0
B51: B.2) Valor Custeado pelo empregado - 20% sobre o valor do Vale refeição | H51: =H50*20/100 -> 0
A52: C | B52: Benefício Social Familiar (Cláusula 19ª da CCT RN000009/2025) | H52: - | I52: 16.13
A53: D | B53: Auxílio Saúde (Cláusula 17ª da CCT RN000009/2025) | H53: - | I53: 137.98
A54: E | B54: Programa de Qualificação Profissional e Marketing - PQM (Cláusula 28ª da CCT RN000009/2025) | H54: - | I54: 5.6
A55: F | B55: Coberturas Sociais | H55: - | I55: 0
A56: TOTAL SUBMÓDULO 2.3 | I56: =SUM(I46:I55) -> 194.75
A58: QUADRO-RESUMO DO MÓDULO 2 - ENCARGOS, BENEFÍCIOS ANUAIS, MENSAIS E DIÁRIOS
A59: Módulo 2 - Encargos, Benefícios Anuais, Mensais e Diários | I59: VALOR (R$)
A60: 2.1 | B60: 13º Salário, Férias e Adicional de Férias | I60: =I32 -> 604.48
A61: 2.2 | B61: GPS, FGTS e Outras Contribuições | I61: =I43 -> 1311.29
A62: 2.3 | B62: Benefícios Mensais e Diários | I62: =I56 -> 194.75
A63: TOTAL DO MÓDULO 2 | I63: =TRUNC(SUM(I60:I62),2) -> 2110.52
A65: MÓDULO 3 – PROVISÃO PARA RESCISÃO
A66: 3 | B66: PROVISÃO PARA RESCISÃO | H66: % | I66: VALOR (R$)
A67: A | B67: Aviso Prévio Indenizado - Artigos 7º, XXI, da CF/88, 477, 487 e 491, da CLT. Dado estatístico do TCU, por meio do Acórdão 1904/2007 Considerando-se que 5,55% dos empregados são substituídos durante o ano. Cálculo: {[0,0555 x (1 / 12)] x 100} = 0,46%. Caso conste o percentual na CCT esta deverá ser utilizada com parâmetro. Na prorrogação a empresa deverá apresentar documentos comprobatórios dos avisos prévios indenizados para adequação dos percentuais na renovação contratual. | H67: 0.0046 | I67: =$I$26*H67 -> 13.610526
A68: B | B68: Incidência do FGTS sobre Aviso Prévio Indenizado - Cálculo: Percentual de recolhimento do FGTS (8%) * percentual Aviso Prévio Indenizado | H68: =0.08*H67 -> 0.000368 | I68: =H68*I26 -> 1.0888421
A69: C | B69: Multa do FGTS sobre o Aviso Prévio Indenizado - Cálculo: % Multa sobre FGTS = [1 + 2/12 + (1/3 × 1/12 ) ] × 0,08 × 0,4 × 0,9 × 100 ≅ 3,44%, onde: % Multa sobre FGTS = Índice que demonstra o custo estimado com a Multa do FGTS sobre o Aviso Prévio Indenizado, 1= Remuneração mensal, 2/12 = Estimativa de 13º e férias sobre a remuneração, (1/3 × 1/12 )= Estimativa de 1/3 de férias , 0,08 = Alíquota do FGTS, 0,4 = Alíquota da Multa sobre o saldo do FGTS, 0,9 = 90% dos funcionários remanescentes(Para fins deste modelo, considera-se que cerca de 10% dos empregados pedem demissão, e, portanto, o custo da multa sobre o saldo do FGTS recai sobre os 90% remanescentes). Manual de preenchimento do modelo de planilhas de custos e de formação de preços do Superior Tribunal de Justiça / Superior Tribunal de Justiça(STJ), 2020. Pág.63 | H69: 0.0344 | I69: =$I$26*H69 -> 101.78306
A70: D | B70: Aviso Prévio Trabalhado - Artigos, 7º, XXI, da CF/88, 477, 487 e 491 da CLT. Há uma redução da jornada em duas horas por dia ou em sete dias. Cálculo: {[(7/ 30) / 12] x 100} = 1,94%. Na prorrogação contratual adotara-se as diretrizes do Acórdão do TCU nº 1.186/2017 Plenário: "9.2. determinar ao Tribunal Regional do Trabalho da 6ª Região que, nas futuras contratações de mão de obra terceirizada, esteja expresso na minuta do contrato que a parcela mensal a título de aviso prévio trabalhado será no percentual máximo de 1,94% no primeiro ano, nos termos dos Acórdãos 1904/2007-TCU-Plenário e 3006/2010-TCU-Plenário, e, em caso de prorrogação do contrato, o percentual máximo dessa parcela será de 0,194% a cada ano de prorrogação, a ser incluído por ocasião da formulação do aditivo da prorrogação do contrato, conforme ditames da Lei 12.506/2011;" | H70: 0.0194 | I70: =$I$26*H70 -> 57.400914
A71: E | B71: Incidência dos encargos do submódulo 2.2 sobre Aviso Prévio Trabalhado | H71: =H43*H70 -> 0.0071392 | I71: =$I$26*H71 -> 21.123536
A72: F | B72: Multa do FGTS sobre o Aviso Prévio Trabalhado - Cálculo: % Multa sobre FGTS = 0,0194 × 0,08 × 0,4 × 100 ≅ 0,062% , onde: % Multa sobre FGTS = Índice que demonstra o custo estimado com a Multa do FGTS sobre o Aviso Prévio Trabalhado, 1= Remuneração mensal, APT = Aviso Prévio Trabalhado disposto no item “D” do Módulo 3, 0,08 = Alíquota do FGTS, 0,4 = Alíquota da Multa sobre o saldo do FGTS. Manual de preenchimento do modelo de planilhas de custos e de formação de preços do Superior Tribunal de Justiça / Superior Tribunal de Justiça(STJ), 2020. Pág.66 | H72: 0.00062 | I72: =$I$26*H72 -> 1.8344622
A73: TOTAL DO MÓDULO 3 | H73: =TRUNC(SUM(H67:H72),4) -> 0.0665 | I73: =TRUNC(SUM(I67:I72),2) -> 196.84
A75: MÓDULO 4 – CUSTO DE REPOSIÇÃO DO PROFISSIONAL AUSENTE
A76: Submódulo 4.1 - Ausências Legais | H76: % | I76: VALOR (R$)
A77: A | B77: Férias - No segundo ano em diante o empregado trabalha 11 e tira férias (1 salário x (1/11)x100 = 9,09% ), então entende-se que a provisão mais correta seria por 11 meses ao invés de 12. No primeiro ano fica a provisão das férias no Módulo 2.1, enquanto que, as férias do substituto é glosada (não paga), daí a partir da primeira prorrogação inverte-se. | H77: 0 | I77: =$I$26*H77 -> 0
A78: B | B78: Ausências Legais - Artigo 473 da CLT. Faltas abonadas por lei, 2 dias em caso de morte do cônjuge, ascendente ou descendente; 1 dia para registro de nascimento de filho; 3 dias para casamento; 1 dia para doação de sangue; 2 dias para alistamento eleitoral; e 1 dia para exigências do serviço militar; entre outros Caso não disponha na CCT pode-se utilizar o Dado estatístico do TCU, por meio do Acórdão 1904/2007(IBGE): em média, uma ausência ao ano. Cálculo: {[(1 / 30) / 12] x 100} = 0,28% Na prorrogação do contrato a empresa deverá apresentar declaração de doação de sangue emitido pelo laboratório, certidão de nascimento de filhos ou de óbito de parentes e demais comprovantes que justifiquem as faltas consoante o planilhamento e, opcionalmente, comprovação de pagamento de diaristas para cobrir o profissional ausente. | H78: 0.0028 | I78: =$I$26*H78 -> 8.284668
A79: C | B79: Licença Paternidade - Artigos 7º, XIX, da CF/88 e art. 10 § 1º da ADCT. Caso não disponha na CCT pode-se utilizar o seguinte, Dado estatístico do IBGE (2015): 1,72% (ou média história se houver) tornam-se pais em um ano. A licença é de cinco dias. Cálculo: {[(5 / 30) / 12] x 0,0172} x 100 = 0,02%. Obs: Algumas empresas são cadastrada no programa Empresa Cidadã, o prazo será estendido para 20 dias (cinco dias, prorrogáveis por mais 15 dias. Na prorrogação do contrato a empresa deverá apresentar as certidões de nascimento dos filhos dos empregados, planilhar e comprovar os custos das 5 diárias para repor cada empregado nesse período de licença e dividir por 12 para apropriar essa despesa na planilha mensal. | H79: 0.0002 | I79: =$I$26*H79 -> 0.591762
A80: D | B80: Ausência por Acidente de Trabalho - Artigos 19 a 23 da Lei n.º 8.213/91. Caso não disponha na CCT pode-se utilizar o seguinte padrão considerando-se os dados estatístico do TCU, por meio do Acórdão 1904/2007(IBGE)[Fonte: IBGE]: 8% sofrem acidente durante o ano. Cotados os 15 primeiros dias pagos pela empresa. Cálculo: {[(15 / 30) / 12] 0,08} x 100 = 0,33%. Na prorrogação do contrato a empresa deverá apresentar cópia dos comunicados de afastamento emitidos pela Previdência Social (RFB) para comprovar que teve o custo dos 15 primeiros dias de trabalho do empregado, inclusive planilhar e comprovar o custo dessas 15 diárias para manter o posto de serviço. | H80: 0.0033 | I80: =$I$26*H80 -> 9.764073
A81: E | B81: Afastamento Maternidade - Art. 392 CLT. Caso não disponha na CCT pode-se utilizar o seguinte padrão, o salário referente ao período de licença maternidade é coberto pela previdência social, inclusive a gratificação natalina respectiva, de modo que o salário do substituto e o décimo terceiro respectivo já consta na planilha de custos. Contudo, a previdência social não cobre a remuneração de férias proporcional ao período da licença, de modo que a planilha acaba não cobrindo as férias do substituto. Para resolver tal situação, deve-se incluir no item as férias sobre licença maternidade. Para tanto, sugere-se o seguinte cálculo: 12,10% = 0,1210 (custo sobre os salários das férias integrais dos trabalhadores), 1,72% = 0,0172 (percentual estatístico adotado como de empregadas que se afastam por licença maternidade, ou média histórica se houver), 4 meses ao ano = 4/12 = 0,3333 (período em um ano que se referem as férias proporcionais ora calculadas). Cálculo [(0,1210 x 0,0172 x 0,333) x 100] = 0,07%. Na prorrogação do contrato a empresa deverá apresentar as certidões de nascimento dos filhos dos empregados, planilhar e comprovar os custos das 4 meses para repor cada empregada nesse período de licença e dividir por 12 para apropriar essa despesa na planilha mensal. | H81: 0.0007 | I81: =$I$26*H81 -> 2.071167
A82: F | B82: Ausência por Auxílio Doença - Artigos 59 a 64 da Lei n.º 8.213/91 e 71 a 80 do Regulamento da Previdência Social, caso não disponha na CCT pode-se utilizar o seguinte padrão considerando-se do TCU, por meio do Acórdão 1904/2007(IBGE) que a empresa suporta apenas os 15 primeiros dias da licença, os demais são pagos pelo INSS. Para efetuar o cálculo, utiliza-se a estatística de 5 faltas em 1 ano. {[( 5 / 30) / 12] x 100} = {[ 0,1666 / 12] x 100} = {0,0139 x 100} = 1,39%. | H82: 0.0139 | I82: =$I$26*H82 -> 41.127459
A83: TOTAL SUBMÓDULO 4.1 | H83: =TRUNC(SUM(H77:H82),4) -> 0.0209 | I83: =TRUNC(SUM(I77:I82),2) -> 61.83
A85: Submódulo 4.2 - Intrajornada | H85: % | I85: VALOR (R$)
A86: A | B86: Intervalo para Repouso ou Alimentação | H86: 0 | I86: =$I$26*H86 -> 0
A87: TOTAL SUBMÓDULO 4.2 | H87: =TRUNC(SUM(H86),4) -> 0 | I87: =TRUNC(SUM(I86),2) -> 0
A89: QUADRO-RESUMO DO MÓDULO 4 - CUSTO DE REPOSIÇÃO DO PROFISSIONAL AUSENTE
A90: Módulo 4 - Custo de Reposição do Profissional Ausente | I90: VALOR (R$)
A91: 4.1 | B91: Ausências Legais | I91: =I83 -> 61.83
A92: 4.2 | B92: Intrajornada | I92: =I87 -> 0
A93: TOTAL DO MÓDULO 4 | I93: =TRUNC(SUM(I91:I92),2) -> 61.83
A95: MÓDULO 5 – INSUMOS DIVERSOS
A96: 5 | B96: INSUMOS DIVERSOS | I96: VALOR (R$)
A97: A | B97: Uniformes/EPI | H97: - | I97: 204.57
A98: B | B98: Materiais | H98: - | I98: 0
A99: C | B99: Equipamentos | H99: - | I99: 0
A100: D | B100: Outros (especificar) | H100: - | I100: 0
A101: TOTAL DO MÓDULO 5 | H101: - | I101: =TRUNC(SUM(I97:I100),2) -> 204.57
A103: MÓDULO 6 – CUSTOS INDIRETOS, TRIBUTOS E LUCRO
A104: 6 | B104: CUSTOS INDIRETOS, TRIBUTOS E LUCRO | H104: % | I104: VALOR (R$)
A105: A | B105: Custos Indiretos | H105: 0.03 | I105: =TRUNC(H105*I129,2) -> 165.97
A106: B | B106: Lucro | H106: 0.0679 | I106: =TRUNC(H106*(I105+I129),2) -> 386.93
A107: C | B107: TRIBUTOS (A empresa deve apresentar o regime tributário e as alíquotas as quais está sujeita)
A108: C.1 | B108: PIS - Para empresas do regime de tributação pelo regime Lucro Real (regime não cumulativo) aliquota de 1,65% (Lei 10.637, de 2002, art. 2º); Para empresas do regime de tributação Lucro Presumido (regime cumulativo) alíquota de 0,65%. (Lei nº 9.715, de 1998, art. 8º, inciso I e posteriores alterações) | H108: 0.0165 | I108: =TRUNC(H108*I118,2) -> 117.09
A109: C.2 | B109: COFINS - Para empresas do regime de tributação Lucro Real (regime não cumulativo) alíquota de 7,60% (Lei 10.833, de 2003, art.2º); Para empresas do regime de tributação Lucro Presumido (regime cumulativo) alíquota de 3,00%. (Lei nº 9.718, de 1998, art. 8º e posteriores alterações) | H109: 0.076 | I109: =TRUNC(H109*I118,2) -> 539.35
A110: C.3 | B110: ISS | H110: 0.05 | I110: =TRUNC(H110*I118,2) -> 354.83
A111: TOTAL DO MÓDULO 6 | H111: =SUM(H105:H110) -> 0.2404 | I111: =TRUNC(SUM(I105:I110),2) -> 1564.17
A113: a) | B113: Tributos % = To = ............................................................. | H113: =TRUNC(H108+H109+H110,4) -> 0.1425
B114: 100
...

Sheet AUXILIAR ELETRICISTA SINDLIMP
A1: PLANILHA DE CUSTOS E FORMAÇÃO DE PREÇOS
A2: MODELO PARA A CONSOLIDAÇÃO E APRESENTAÇÃO DE PROPOSTAS
A3: Categoria profissional: AUXILIAR DE ELETRICISTA
A5: Discriminação dos Serviços
A6: A | B6: Município | H6: Mossoró
A7: B | B7: Ano do Acordo, Convenção ou Dissídio Coletivo | H7: SINDLIMP CCT RN000009/2025
A8: C | B8: Nº de meses de execução contratual | H8: 12
A10: Dados para composição dos custos referentes à mão-de-obra
A11: 1 | B11: Tipo de serviço (mesmo serviço com características distintas) | H11: Auxiliar de Eletricista
A12: 2 | B12: Classificação Brasileira de Ocupações (CBO) | H12: 7156-15
A13: 3 | B13: Salário Nominativo da Categoria Profissional | H13: 1607.81
A14: 4 | B14: Categoria profissional (vinculada à execução contratual) | H14: Auxiliar de Eletricista -Carga horária de 44 horas semanais
A15: 5 | B15: Data base da categoria (dia/mês/ano) | H15: 45658
A17: MÓDULO 1 - COMPOSIÇÃO DA REMUNERAÇÃO
A18: 1 | B18: COMPOSIÇÃO DA REMUNERAÇÃO | H18: % | I18: VALOR (R$)
A19: A | B19: Salário Base | I19: 1607.81
A20: B | B20: Adicional Periculosidade (Art.193 CLT, Súmula 191 TST e Lei 12.740/2012) | H20: 0.3 | I20: =I19*H20 -> 482.343
A21: C | B21: Adicional Insalubridade
A22: D | B22: Adicional Noturno
A23: E | B23: Adicional de Hora Noturna Reduzida
A24: F | B24: Adicional de Hora Extra no Feriado Trabalhado
A25: G | B25: Outros (especificar) | I25: 0
A26: TOTAL DO MÓDULO 1 | I26: =TRUNC(SUM(I19:I25),2) -> 2090.15
A28: MÓDULO 2 – ENCARGOS E BENEFÍCIOS ANUAIS, MENSAIS E DIÁRIOS
A29: Submódulo 2.1 - 13º Salário, Férias e Adicional de Férias | H29: % | I29: VALOR (R$)
A30: A | B30: 13 (Décimo-terceiro) salário -Cálculo: 1/12*100 ( Art.7º, VIII, CF/88, Anexo VII-D da IN nº 05/2017) | H30: 0.0833 | I30: =$I$26*H30 -> 174.1095
A31: B | B31: Férias e Adicional de Férias - Cálculo: 1/11x100+1/3x1/11 x100 (% Conta Vinculada- Anexo XII da IN nº 05/2017) | H31: 0.121 | I31: =H31*I26 -> 252.90815
A32: TOTAL SUBMÓDULO 2.1 | H32: =TRUNC(SUM(H30:H31),4) -> 0.2043 | I32: =TRUNC(SUM(I30:I31),2) -> 427.01
A34: Submódulo 2.2 - GPS, FGTS e Outras Contribuições | H34: % | I34: VALOR (R$)
A35: A | B35: INSS (Art. 22, Inciso I da Lei 8.212/91) | H35: 0.2 | I35: =H35*($I$26+I32) -> 503.432
A36: B | B36: Salário Educação (Art.3º, Inciso I, Decreto 87.043/82) | H36: 0.025 | I36: =H36*($I$26+I32) -> 62.929
A37: C | B37: SAT (Seguro Acidente de Trabalho) (RATxFAP – Fundamentação: art. 22, inciso II, alíneas ‘b’ e ‘c’, da Lei nº 8.212/91. Conforme GFIP do mês anterior à data da proposta – Para estimativa, foi considerado o maior valor possível). A empresa deve comprovar a alíquota efetiva que utiliza | H37: 0.03 | I37: =H37*($I$26+I32) -> 75.5148
A38: D | B38: SESC ou SESI (Art.3º, da lei 8036/90) | H38: 0.015 | I38: =H38*($I$26+I32) -> 37.7574
A39: E | B39: SENAI - SENAC (Decreto 2.318/86) | H39: 0.01 | I39: =H39*($I$26+I32) -> 25.1716
A40: F | B40: SEBRAE (Art.8º, Lei 8029/90 e Lei 8154/90) | H40: 0.006 | I40: =H40*($I$26+I32) -> 15.10296
A41: G | B41: INCRA (Dec.Lei 1146/70) | H41: 0.002 | I41: =H41*($I$26+I32) -> 5.03432
A42: H | B42: FGTS (Art.15, da Lei 8036/90 e Art.7º III, CF) | H42: 0.08 | I42: =H42*($I$26+I32) -> 201.3728
A43: TOTAL SUBMÓDULO 2.2 | H43: =SUM(H35:H42) -> 0.368 | I43: =TRUNC(SUM(I35:I42),2) -> 926.31
A45: Submódulo 2.3 - Benefícios Mensais e Diários | I45: VALOR (R$)
A46: A | B46: Transporte - Cálculo: Valor V.T. x nº de passagens por mês – (6% x S.B.) - (Cláusula 16ª da CCT RN000009/2025) | H46: - | I46: =IF(ROUND((H47*H48)-(I19*0.06),2)<0,0,ROUND((H47*H48)-(I19*0.06),2)) -> 75.13
B47: A.1) Valor da passagem do transporte coletivo no município prestação dos serviços | H47: 3.3
B48: A.2) Quantidade de passagens por mês (Cláusula 16ª da CCT RN000009/2025) | H48: 52
A49: B | B49: Auxílio-Refeição/Alimentação - Cálculo: Vr. Vale refeição - 20% (parte empregado) (Cláusula 14ª da CCT, Lei PAT) A empresa deve comprovar PAT. | H49: - | I49: =H50-H51 -> 0
B50: B.1) Valor do Auxílio-Alimentação por mês | H50: 0
B51: B.2) Valor Custeado pelo empregado - 20% sobre o valor do Vale refeição | H51: =H50*20/100 -> 0
A52: C | B52: Benefício Social Familiar (Cláusula 19ª da CCT RN000009/2025) | H52: - | I52: 16.13
A53: D | B53: Auxílio Saúde (Cláusula 17ª da CCT RN000009/2025) | H53: - | I53: 137.98
A54: E | B54: Programa de Qualificação Profissional e Marketing - PQM (Cláusula 28ª da CCT RN000009/2025) | H54: - | I54: 5.6
A55: F | B55: Coberturas Sociais | H55: - | I55: 0
A56: TOTAL SUBMÓDULO 2.3 | I56: =SUM(I46:I55) -> 234.84
A58: QUADRO-RESUMO DO MÓDULO 2 - ENCARGOS, BENEFÍCIOS ANUAIS, MENSAIS E DIÁRIOS
A59: Módulo 2 - Encargos, Benefícios Anuais, Mensais e Diários | I59: VALOR (R$)
A60: 2.1 | B60: 13º Salário, Férias e Adicional de Férias | I60: =I32 -> 427.01
A61: 2.2 | B61: GPS, FGTS e Outras Contribuições | I61: =I43 -> 926.31
A62: 2.3 | B62: Benefícios Mensais e Diários | I62: =I56 -> 234.84
A63: TOTAL DO MÓDULO 2 | I63: =TRUNC(SUM(I60:I62),2) -> 1588.16
A65: MÓDULO 3 – PROVISÃO PARA RESCISÃO
A66: 3 | B66: PROVISÃO PARA RESCISÃO | H66: % | I66: VALOR (R$)
A67: A | B67: Aviso Prévio Indenizado - Artigos 7º, XXI, da CF/88, 477, 487 e 491, da CLT. Dado estatístico do TCU, por meio do Acórdão 1904/2007 Considerando-se que 5,55% dos empregados são substituídos durante o ano. Cálculo: {[0,0555 x (1 / 12)] x 100} = 0,46%. Caso conste o percentual na CCT esta deverá ser utilizada com parâmetro. Na prorrogação a empresa deverá apresentar documentos comprobatórios dos avisos prévios indenizados para adequação dos percentuais na renovação contratual. | H67: 0.0046 | I67: =$I$26*H67 -> 9.61469
A68: B | B68: Incidência do FGTS sobre Aviso Prévio Indenizado - Cálculo: Percentual de recolhimento do FGTS (8%) * percentual Aviso Prévio Indenizado | H68: =0.08*H67 -> 0.000368 | I68: =H68*I26 -> 0.7691752
A69: C | B69: Multa do FGTS sobre o Aviso Prévio Indenizado - Cálculo: % Multa sobre FGTS = [1 + 2/12 + (1/3 × 1/12 ) ] × 0,08 × 0,4 × 0,9 × 100 ≅ 3,44%, onde: % Multa sobre FGTS = Índice que demonstra o custo estimado com a Multa do FGTS sobre o Aviso Prévio Indenizado, 1= Remuneração mensal, 2/12 = Estimativa de 13º e férias sobre a remuneração, (1/3 × 1/12 )= Estimativa de 1/3 de férias , 0,08 = Alíquota do FGTS, 0,4 = Alíquota da Multa sobre o saldo do FGTS, 0,9 = 90% dos funcionários remanescentes(Para fins deste modelo, considera-se que cerca de 10% dos empregados pedem demissão, e, portanto, o custo da multa sobre o saldo do FGTS recai sobre os 90% remanescentes). Manual de preenchimento do modelo de planilhas de custos e de formação de preços do Superior Tribunal de Justiça / Superior Tribunal de Justiça(STJ), 2020. Pág.63 | H69: 0.0344 | I69: =$I$26*H69 -> 71.90116
A70: D | B70: Aviso Prévio Trabalhado - Artigos, 7º, XXI, da CF/88, 477, 487 e 491 da CLT. Há uma redução da jornada em duas horas por dia ou em sete dias. Cálculo: {[(7/ 30) / 12] x 100} = 1,94%. Na prorrogação contratual adotara-se as diretrizes do Acórdão do TCU nº 1.186/2017 Plenário: "9.2. determinar ao Tribunal Regional do Trabalho da 6ª Região que, nas futuras contratações de mão de obra terceirizada, esteja expresso na minuta do contrato que a parcela mensal a título de aviso prévio trabalhado será no percentual máximo de 1,94% no primeiro ano, nos termos dos Acórdãos 1904/2007-TCU-Plenário e 3006/2010-TCU-Plenário, e, em caso de prorrogação do contrato, o percentual máximo dessa parcela será de 0,194% a cada ano de prorrogação, a ser incluído por ocasião da formulação do aditivo da prorrogação do contrato, conforme ditames da Lei 12.506/2011;" | H70: 0.0194 | I70: =$I$26*H70 -> 40.54891
A71: E | B71: Incidência dos encargos do submódulo 2.2 sobre Aviso Prévio Trabalhado | H71: =H43*H70 -> 0.0071392 | I71: =$I$26*H71 -> 14.921999
A72: F | B72: Multa do FGTS sobre o Aviso Prévio Trabalhado - Cálculo: % Multa sobre FGTS = 0,0194 × 0,08 × 0,4 × 100 ≅ 0,062% , onde: % Multa sobre FGTS = Índice que demonstra o custo estimado com a Multa do FGTS sobre o Aviso Prévio Trabalhado, 1= Remuneração mensal, APT = Aviso Prévio Trabalhado disposto no item “D” do Módulo 3, 0,08 = Alíquota do FGTS, 0,4 = Alíquota da Multa sobre o saldo do FGTS. Manual de preenchimento do modelo de planilhas de custos e de formação de preços do Superior Tribunal de Justiça / Superior Tribunal de Justiça(STJ), 2020. Pág.66 | H72: 0.00062 | I72: =$I$26*H72 -> 1.295893
A73: TOTAL DO MÓDULO 3 | H73: =TRUNC(SUM(H67:H72),4) -> 0.0665 | I73: =TRUNC(SUM(I67:I72),2) -> 139.05
A75: MÓDULO 4 – CUSTO DE REPOSIÇÃO DO PROFISSIONAL AUSENTE
A76: Submódulo 4.1 - Ausências Legais | H76: % | I76: VALOR (R$)
A77: A | B77: Férias - No segundo ano em diante o empregado trabalha 11 e tira férias (1 salário x (1/11)x100 = 9,09% ), então entende-se que a provisão mais correta seria por 11 meses ao invés de 12. No primeiro ano fica a provisão das férias no Módulo 2.1, enquanto que, as férias do substituto é glosada (não paga), daí a partir da primeira prorrogação inverte-se. | H77: 0 | I77: =$I$26*H77 -> 0
A78: B | B78: Ausências Legais - Artigo 473 da CLT. Faltas abonadas por lei, 2 dias em caso de morte do cônjuge, ascendente ou descendente; 1 dia para registro de nascimento de filho; 3 dias para casamento; 1 dia para doação de sangue; 2 dias para alistamento eleitoral; e 1 dia para exigências do serviço militar; entre outros Caso não disponha na CCT pode-se utilizar o Dado estatístico do TCU, por meio do Acórdão 1904/2007(IBGE): em média, uma ausência ao ano. Cálculo: {[(1 / 30) / 12] x 100} = 0,28% Na prorrogação do contrato a empresa deverá apresentar declaração de doação de sangue emitido pelo laboratório, certidão de nascimento de filhos ou de óbito de parentes e demais comprovantes que justifiquem as faltas consoante o planilhamento e, opcionalmente, comprovação de pagamento de diaristas para cobrir o profissional ausente. | H78: 0.0028 | I78: =$I$26*H78 -> 5.85242
A79: C | B79: Licença Paternidade - Artigos 7º, XIX, da CF/88 e art. 10 § 1º da ADCT. Caso não disponha na CCT pode-se utilizar o seguinte, Dado estatístico do IBGE (2015): 1,72% (ou média história se houver) tornam-se pais em um ano. A licença é de cinco dias. Cálculo: {[(5 / 30) / 12] x 0,0172} x 100 = 0,02%. Obs: Algumas empresas são cadastrada no programa Empresa Cidadã, o prazo será estendido para 20 dias (cinco dias, prorrogáveis por mais 15 dias. Na prorrogação do contrato a empresa deverá apresentar as certidões de nascimento dos filhos dos empregados, planilhar e comprovar os custos das 5 diárias para repor cada empregado nesse período de licença e dividir por 12 para apropriar essa despesa na planilha mensal. | H79: 0.0002 | I79: =$I$26*H79 -> 0.41803
A80: D | B80: Ausência por Acidente de Trabalho - Artigos 19 a 23 da Lei n.º 8.213/91. Caso não disponha na CCT pode-se utilizar o seguinte padrão considerando-se os dados estatístico do TCU, por meio do Acórdão 1904/2007(IBGE)[Fonte: IBGE]: 8% sofrem acidente durante o ano. Cotados os 15 primeiros dias pagos pela empresa. Cálculo: {[(15 / 30) / 12] 0,08} x 100 = 0,33%. Na prorrogação do contrato a empresa deverá apresentar cópia dos comunicados de afastamento emitidos pela Previdência Social (RFB) para comprovar que teve o custo dos 15 primeiros dias de trabalho do empregado, inclusive planilhar e comprovar o custo dessas 15 diárias para manter o posto de serviço. | H80: 0.0033 | I80: =$I$26*H80 -> 6.897495
A81: E | B81: Afastamento Maternidade - Art. 392 CLT. Caso não disponha na CCT pode-se utilizar o seguinte padrão, o salário referente ao período de licença maternidade é coberto pela previdência social, inclusive a gratificação natalina respectiva, de modo que o salário do substituto e o décimo terceiro respectivo já consta na planilha de custos. Contudo, a previdência social não cobre a remuneração de férias proporcional ao período da licença, de modo que a planilha acaba não cobrindo as férias do substituto. Para resolver tal situação, deve-se incluir no item as férias sobre licença maternidade. Para tanto, sugere-se o seguinte cálculo: 12,10% = 0,1210 (custo sobre os salários das férias integrais dos trabalhadores), 1,72% = 0,0172 (percentual estatístico adotado como de empregadas que se afastam por licença maternidade, ou média histórica se houver), 4 meses ao ano = 4/12 = 0,3333 (período em um ano que se referem as férias proporcionais ora calculadas). Cálculo [(0,1210 x 0,0172 x 0,333) x 100] = 0,07%. Na prorrogação do contrato a empresa deverá apresentar as certidões de nascimento dos filhos dos empregados, planilhar e comprovar os custos das 4 meses para repor cada empregada nesse período de licença e dividir por 12 para apropriar essa despesa na planilha mensal. | H81: 0.0007 | I81: =$I$26*H81 -> 1.463105
A82: F | B82: Ausência por Auxílio Doença - Artigos 59 a 64 da Lei n.º 8.213/91 e 71 a 80 do Regulamento da Previdência Social, caso não disponha na CCT pode-se utilizar o seguinte padrão considerando-se do TCU, por meio do Acórdão 1904/2007(IBGE) que a empresa suporta apenas os 15 primeiros dias da licença, os demais são pagos pelo INSS. Para efetuar o cálculo, utiliza-se a estatística de 5 faltas em 1 ano. {[( 5 / 30) / 12] x 100} = {[ 0,1666 / 12] x 100} = {0,0139 x 100} = 1,39%. | H82: 0.0139 | I82: =$I$26*H82 -> 29.053085
A83: TOTAL SUBMÓDULO 4.1 | H83: =TRUNC(SUM(H77:H82),4) -> 0.0209 | I83: =TRUNC(SUM(I77:I82),2) -> 43.68
A85: Submódulo 4.2 - Intrajornada | H85: % | I85: VALOR (R$)
A86: A | B86: Intervalo para Repouso ou Alimentação | H86: 0 | I86: =$I$26*H86 -> 0
A87: TOTAL SUBMÓDULO 4.2 | H87: =TRUNC(SUM(H86),4) -> 0 | I87: =TRUNC(SUM(I86),2) -> 0
A89: QUADRO-RESUMO DO MÓDULO 4 - CUSTO DE REPOSIÇÃO DO PROFISSIONAL AUSENTE
A90: Módulo 4 - Custo de Reposição do Profissional Ausente | I90: VALOR (R$)
A91: 4.1 | B91: Ausências Legais | I91: =I83 -> 43.68
A92: 4.2 | B92: Intrajornada | I92: =I87 -> 0
A93: TOTAL DO MÓDULO 4 | I93: =TRUNC(SUM(I91:I92),2) -> 43.68
A95: MÓDULO 5 – INSUMOS DIVERSOS
A96: 5 | B96: INSUMOS DIVERSOS | I96: VALOR (R$)
A97: A | B97: Uniformes/EPI | H97: - | I97: 169.48
A98: B | B98: Materiais | H98: - | I98: 0
A99: C | B99: Equipamentos | H99: - | I99: 0
A100: D | B100: Outros (especificar) | H100: - | I100: 0
A101: TOTAL DO MÓDULO 5 | H101: - | I101: =TRUNC(SUM(I97:I100),2) -> 169.48
A103: MÓDULO 6 – CUSTOS INDIRETOS, TRIBUTOS E LUCRO
A104: 6 | B104: CUSTOS INDIRETOS, TRIBUTOS E LUCRO | H104: % | I104: VALOR (R$)
A105: A | B105: Custos Indiretos | H105: 0.03 | I105: =TRUNC(H105*I128,2) -> 120.91
A106: B | B106: Lucro | H106: 0.0679 | I106: =TRUNC(H106*(I105+I128),2) -> 281.88
A107: C | B107: TRIBUTOS (A empresa deve apresentar o regime tributário e as alíquotas as quais está sujeita)
A108: C.1 | B108: PIS - Para empresas do regime de tributação pelo regime Lucro Real (regime não cumulativo) aliquota de 1,65% (Lei 10.637, de 2002, art. 2º); Para empresas do regime de tributação Lucro Presumido (regime cumulativo) alíquota de 0,65%. (Lei nº 9.715, de 1998, art. 8º, inciso I e posteriores alterações) | H108: 0.0165 | I108: =TRUNC(H108*I117,2) -> 85.3
A109: C.2 | B109: COFINS - Para empresas do regime de tributação Lucro Real (regime não cumulativo) alíquota de 7,60% (Lei 10.833, de 2003, art.2º); Para empresas do regime de tributação Lucro Presumido (regime cumulativo) alíquota de 3,00%. (Lei nº 9.718, de 1998, art. 8º e posteriores alterações) | H109: 0.076 | I109: =TRUNC(H109*I117,2) -> 392.92
A110: C.3 | B110: ISS | H110: 0.05 | I110: =TRUNC(H110*I117,2) -> 258.5
A111: TOTAL DO MÓDULO 6 | H111: =SUM(H105:H110) -> 0.2404 | I111: =TRUNC(SUM(I105:I110),2) -> 1139.51
A113: a) | B113: Tributos % = To = ............................................................. | H113: =TRUNC(H108+H109+H110,4) -> 0.1425
B114: 100
...

Sheet MOTORISTA CAT. B SINTRO
A1: PLANILHA DE CUSTOS E FORMAÇÃO DE PREÇOS
A2: MODELO PARA A CONSOLIDAÇÃO E APRESENTAÇÃO DE PROPOSTAS
A3: Categoria profissional: MOTORISTA DE VEÍCULO LEVE
A5: Discriminação dos Serviços
A6: A | B6: Município | H6: Mossoró
A7: B | B7: Ano do Acordo, Convenção ou Dissídio Coletivo | H7: SINTROCERN CCT RN000278/2023
A8: C | B8: Nº de meses de execução contratual | H8: 12
A10: Dados para composição dos custos referentes à mão-de-obra
A11: 1 | B11: Tipo de serviço (mesmo serviço com características distintas) | H11: Motorista
A12: 2 | B12: Classificação Brasileira de Ocupações (CBO) | H12: 7823-05
A13: 3 | B13: Salário Nominativo da Categoria Profissional | H13: 2181.42
A14: 4 | B14: Categoria profissional (vinculada à execução contratual) | H14: Motorista - Veículo Leve - Carga horária de 44 horas semanais
A15: 5 | B15: Data base da categoria (dia/mês/ano) | H15: 45047
A17: MÓDULO 1 - COMPOSIÇÃO DA REMUNERAÇÃO
A18: 1 | B18: COMPOSIÇÃO DA REMUNERAÇÃO | H18: % | I18: VALOR (R$)
A19: A | B19: Salário Base | I19: 2181.42
A20: B | B20: Adicional Periculosidade | I20: 0
A21: C | B21: Adicional Insalubridade
A22: D | B22: Adicional Noturno
A23: E | B23: Adicional de Hora Noturna Reduzida
A24: F | B24: Adicional de Hora Extra no Feriado Trabalhado
A25: G | B25: Outros (especificar) | I25: 0
A26: TOTAL DO MÓDULO 1 | I26: =TRUNC(SUM(I19:I25),2) -> 2181.42
A28: MÓDULO 2 – ENCARGOS E BENEFÍCIOS ANUAIS, MENSAIS E DIÁRIOS
A29: Submódulo 2.1 - 13º Salário, Férias e Adicional de Férias | H29: % | I29: VALOR (R$)
A30: A | B30: 13 (Décimo-terceiro) salário -Cálculo: 1/12*100 ( Art.7º, VIII, CF/88, Anexo VII-D da IN nº 05/2017) | H30: 0.0833 | I30: =$I$26*H30 -> 181.71229
A31: B | B31: Férias e Adicional de Férias - Cálculo: 1/11x100+1/3x1/11 x100 (% Conta Vinculada- Anexo XII da IN nº 05/2017) | H31: 0.121 | I31: =H31*I26 -> 263.95182
A32: TOTAL SUBMÓDULO 2.1 | H32: =TRUNC(SUM(H30:H31),4) -> 0.2043 | I32: =TRUNC(SUM(I30:I31),2) -> 445.66
A34: Submódulo 2.2 - GPS, FGTS e Outras Contribuições | H34: % | I34: VALOR (R$)
A35: A | B35: INSS (Art. 22, Inciso I da Lei 8.212/91) | H35: 0.2 | I35: =H35*($I$26+I32) -> 525.416
A36: B | B36: Salário Educação (Art.3º, Inciso I, Decreto 87.043/82) | H36: 0.025 | I36: =H36*($I$26+I32) -> 65.677
A37: C | B37: SAT (Seguro Acidente de Trabalho) (RATxFAP – Fundamentação: art. 22, inciso II, alíneas ‘b’ e ‘c’, da Lei nº 8.212/91. Conforme GFIP do mês anterior à data da proposta – Para estimativa, foi considerado o maior valor possível). A empresa deve comprovar a alíquota efetiva que utiliza. | H37: 0.03 | I37: =H37*($I$26+I32) -> 78.8124
A38: D | B38: SESC ou SESI (Art.3º, da lei 8036/90) | H38: 0.015 | I38: =H38*($I$26+I32) -> 39.4062
A39: E | B39: SENAI - SENAC (Decreto 2.318/86) | H39: 0.01 | I39: =H39*($I$26+I32) -> 26.2708
A40: F | B40: SEBRAE (Art.8º, Lei 8029/90 e Lei 8154/90) | H40: 0.006 | I40: =H40*($I$26+I32) -> 15.76248
A41: G | B41: INCRA (Dec.Lei 1146/70) | H41: 0.002 | I41: =H41*($I$26+I32) -> 5.25416
A42: H | B42: FGTS (Art.15, da Lei 8036/90 e Art.7º III, CF) | H42: 0.08 | I42: =H42*($I$26+I32) -> 210.1664
A43: TOTAL SUBMÓDULO 2.2 | H43: =SUM(H35:H42) -> 0.368 | I43: =TRUNC(SUM(I35:I42),2) -> 966.76
A45: Submódulo 2.3 - Benefícios Mensais e Diários | I45: VALOR (R$)
A46: A | B46: Transporte - Cálculo: Valor V.T. x nº de passagens por dia x nº de dias trabalhados – (6% x S.B.) (Decreto nº 10.854/2021) | H46: - | I46: =IF(ROUND((H47*H48*H49)-(I19*0.06),2)<0,0,ROUND((H47*H48*H49)-(I19*0.06),2)) -> 14.31
B47: A.1) Valor da passagem do transporte coletivo no município prestação dos serviços | H47: 3.3
B48: A.2) Quantidade de passagens por dia por empregado | H48: 2
B49: A.3) Quantidade de dias do mês de recebimento de passagens | H49: 22
A50: B | B50: Auxílio-Refeição/Alimentação - (Cláusula 8ª CCT RN000278/2023, Lei PAT ) A empresa deve comprovar PAT. | H50: - | I50: =H51-H52 -> 530.624
B51: B.1) Valor do Auxílio-Alimentação por mês | H51: 663.28
B52: B.2) Valor Custeado pelo empregado - 20% sobre o valor do Vale refeição | H52: =H51*20/100 -> 132.656
A53: C | B53: Plano Odontológico- (Cláusula 10ª CCT RN000278/2023) | H53: - | I53: 13.81
A54: D | B54: Seguro de Vida | H54: - | I54: 0
A55: E | B55: Auxílio Saúde - (Cláusula 9ª CCT RN000278/2023) | H55: - | I55: 123
A56: F | B56: Outros(especificar) | I56: 0
A57: TOTAL SUBMÓDULO 2.3 | I57: =SUM(I46:I56) -> 681.744
A59: QUADRO-RESUMO DO MÓDULO 2 - ENCARGOS, BENEFÍCIOS ANUAIS, MENSAIS E DIÁRIOS
A60: Módulo 2 - Encargos, Benefícios Anuais, Mensais e Diários | I60: VALOR (R$)
A61: 2.1 | B61: 13º Salário, Férias e Adicional de Férias | I61: =I32 -> 445.66
A62: 2.2 | B62: GPS, FGTS e Outras Contribuições | I62: =I43 -> 966.76
A63: 2.3 | B63: Benefícios Mensais e Diários | I63: =I57 -> 681.744
A64: TOTAL DO MÓDULO 2 | I64: =TRUNC(SUM(I61:I63),2) -> 2094.16
A66: MÓDULO 3 – PROVISÃO E CUSTO PARA RECISÃO
A67: 3.1 | B67: PROVISÃO PARA RESCISÃO | H67: % | I67: VALOR (R$)
A68: A | B68: Aviso Prévio Indenizado - Artigos 7º, XXI, da CF/88, 477, 487 e 491, da CLT. Dado estatístico do TCU, por meio do Acórdão 1904/2007 Considerando-se que 5,55% dos empregados são substituídos durante o ano. Cálculo: {[0,0555 x (1 / 12)] x 100} = 0,46%. Caso conste o percentual na CCT esta deverá ser utilizada com parâmetro. Na prorrogação a empresa deverá apresentar documentos comprobatórios dos avisos prévios indenizados para adequação dos percentuais na renovação contratual. | H68: 0.0046 | I68: =$I$26*H68 -> 10.034532
A69: B | B69: Incidência do FGTS sobre Aviso Prévio Indenizado - Cálculo: Percentual de recolhimento do FGTS (8%) * percentual Aviso Prévio indenizado | H69: =8%*H68 -> 0.000368 | I69: =H69*I26 -> 0.80276256
A70: C | B70: Multa do FGTS sobre o Aviso Prévio Indenizado - Cálculo: % Multa sobre FGTS = [1 + 2/12 + (1/3 × 1/12 ) ] × 0,08 × 0,4 × 0,9 × 100 ≅ 3,44%, onde: % Multa sobre FGTS = Índice que demonstra o custo estimado com a Multa do FGTS sobre o Aviso Prévio Indenizado, 1= Remuneração mensal, 2/12 = Estimativa de 13º e férias sobre a remuneração, (1/3 × 1/12 )= Estimativa de 1/3 de férias , 0,08 = Alíquota do FGTS, 0,4 = Alíquota da Multa sobre o saldo do FGTS, 0,9 = 90% dos funcionários remanescentes(Para fins deste modelo, considera-se que cerca de 10% dos empregados pedem demissão, e, portanto, o custo da multa sobre o saldo do FGTS recai sobre os 90% remanescentes). Manual de preenchimento do modelo de planilhas de custos e de formação de preços do Superior Tribunal de Justiça / Superior Tribunal de Justiça(STJ), 2020. Pág.63 | H70: 0.0344 | I70: =$I$26*H70 -> 75.040848
A71: D | B71: Aviso Prévio Trabalhado - Artigos, 7º, XXI, da CF/88, 477, 487 e 491 da CLT. Há uma redução da jornada em duas horas por dia ou em sete dias. Cálculo: {[(7/ 30) / 12] x 100} = 1,94%. Na prorrogação contratual adotara-se as diretrizes do Acórdão do TCU nº 1.186/2017 Plenário: "9.2. determinar ao Tribunal Regional do Trabalho da 6ª Região que, nas futuras contratações de mão de obra terceirizada, esteja expresso na minuta do contrato que a parcela mensal a título de aviso prévio trabalhado será no percentual máximo de 1,94% no primeiro ano, nos termos dos Acórdãos 1904/2007-TCU-Plenário e 3006/2010-TCU-Plenário, e, em caso de prorrogação do contrato, o percentual máximo dessa parcela será de 0,194% a cada ano de prorrogação, a ser incluído por ocasião da formulação do aditivo da prorrogação do contrato, conforme ditames da Lei 12.506/2011;" | H71: 0.0194 | I71: =$I$26*H71 -> 42.319548
A72: E | B72: Incidência dos encargos do submódulo 2.2 sobre Aviso Prévio Trabalhado | H72: =H43*H71 -> 0.0071392 | I72: =$I$26*H72 -> 15.573594
A73: F | B73: Multa do FGTS sobre o Aviso Prévio Trabalhado - Cálculo: % Multa sobre FGTS = 0,0194 × 0,08 × 0,4 × 100 ≅ 0,062% , onde: % Multa sobre FGTS = Índice que demonstra o custo estimado com a Multa do FGTS sobre o Aviso Prévio Trabalhado, 1= Remuneração mensal, APT = Aviso Prévio Trabalhado disposto no item “D” do Módulo 3, 0,08 = Alíquota do FGTS, 0,4 = Alíquota da Multa sobre o saldo do FGTS. Manual de preenchimento do modelo de planilhas de custos e de formação de preços do Superior Tribunal de Justiça / Superior Tribunal de Justiça(STJ), 2020. Pág.66 | H73: 0.00062 | I73: =$I$26*H73 -> 1.3524804
A74: TOTAL DO MÓDULO 3 | H74: =TRUNC(SUM(H68:H73),4) -> 0.0665 | I74: =TRUNC(SUM(I68:I73),2) -> 145.12
A76: MÓDULO 4 – CUSTO DE REPOSIÇÃO DO PROFISSIONAL AUSENTE
A77: Submódulo 4.1 - Ausências Legais | H77: % | I77: VALOR (R$)
A78: A | B78: Férias - No segundo ano em diante o empregado trabalha 11 e tira férias (1 salário x (1/11)x100 = 9,09% ), então entende-se que a provisão mais correta seria por 11 meses ao invés de 12. No primeiro ano fica a provisão das férias no Módulo 2.1, enquanto que, as férias do substituto é glosada (não paga), daí a partir da primeira prorrogação inverte-se. | H78: 0 | I78: =$I$26*H78 -> 0
A79: B | B79: Ausências Legais - Artigo 473 da CLT. Faltas abonadas por lei, 2 dias em caso de morte do cônjuge, ascendente ou descendente; 1 dia para registro de nascimento de filho; 3 dias para casamento; 1 dia para doação de sangue; 2 dias para alistamento eleitoral; e 1 dia para exigências do serviço militar; entre outros Caso não disponha na CCT pode-se utilizar o Dado estatístico do TCU, por meio do Acórdão 1904/2007(IBGE): em média, uma ausência ao ano. Cálculo: {[(1 / 30) / 12] x 100} = 0,28% Na prorrogação do contrato a empresa deverá apresentar declaração de doação de sangue emitido pelo laboratório, certidão de nascimento de filhos ou de óbito de parentes e demais comprovantes que justifiquem as faltas consoante o planilhamento e, opcionalmente, comprovação de pagamento de diaristas para cobrir o profissional ausente. | H79: 0.0028 | I79: =$I$26*H79 -> 6.107976
A80: C | B80: Licença Paternidade - Artigos 7º, XIX, da CF/88 e art. 10 § 1º da ADCT. Caso não disponha na CCT pode-se utilizar o seguinte, Dado estatístico do IBGE (2015): 1,72% (ou média história se houver) tornam-se pais em um ano. A licença é de cinco dias. Cálculo: {[(5 / 30) / 12] x 0,0172} x 100 = 0,02%. Obs: Algumas empresas são cadastrada no programa Empresa Cidadã, o prazo será estendido para 20 dias (cinco dias, prorrogáveis por mais 15 dias. Na prorrogação do contrato a empresa deverá apresentar as certidões de nascimento dos filhos dos empregados, planilhar e comprovar os custos das 5 diárias para repor cada empregado nesse período de licença e dividir por 12 para apropriar essa despesa na planilha mensal. | H80: 0.0002 | I80: =$I$26*H80 -> 0.436284
A81: D | B81: Ausência por Acidente de Trabalho - Artigos 19 a 23 da Lei n.º 8.213/91. Caso não disponha na CCT pode-se utilizar o seguinte padrão considerando-se os dados estatístico do TCU, por meio do Acórdão 1904/2007(IBGE)[Fonte: IBGE]: 8% sofrem acidente durante o ano. Cotados os 15 primeiros dias pagos pela empresa. Cálculo: {[(15 / 30) / 12] 0,08} x 100 = 0,33%. Na prorrogação do contrato a empresa deverá apresentar cópia dos comunicados de afastamento emitidos pela Previdência Social (RFB) para comprovar que teve o custo dos 15 primeiros dias de trabalho do empregado, inclusive planilhar e comprovar o custo dessas 15 diárias para manter o posto de serviço. | H81: 0.0033 | I81: =$I$26*H81 -> 7.198686
A82: E | B82: Afastamento Maternidade - Art. 392 CLT. Caso não disponha na CCT pode-se utilizar o seguinte padrão, o salário referente ao período de licença maternidade é coberto pela previdência social, inclusive a gratificação natalina respectiva, de modo que o salário do substituto e o décimo terceiro respectivo já consta na planilha de custos. Contudo, a previdência social não cobre a remuneração de férias proporcional ao período da licença, de modo que a planilha acaba não cobrindo as férias do substituto. Para resolver tal situação, deve-se incluir no item as férias sobre licença maternidade. Para tanto, sugere-se o seguinte cálculo: 12,10% = 0,1210 (custo sobre os salários das férias integrais dos trabalhadores), 1,72% = 0,0172 (percentual estatístico adotado como de empregadas que se afastam por licença maternidade, ou média histórica se houver), 4 meses ao ano = 4/12 = 0,3333 (período em um ano que se referem as férias proporcionais ora calculadas). Cálculo [(0,1210 x 0,0172 x 0,333) x 100] = 0,07%. Na prorrogação do contrato a empresa deverá apresentar as certidões de nascimento dos filhos dos empregados, planilhar e comprovar os custos das 4 meses para repor cada empregada nesse período de licença e dividir por 12 para apropriar essa despesa na planilha mensal. | H82: 0.0007 | I82: =$I$26*H82 -> 1.526994
A83: F | B83: Ausência por Auxílio Doença - Artigos 59 a 64 da Lei n.º 8.213/91 e 71 a 80 do Regulamento da Previdência Social, caso não disponha na CCT pode-se utilizar o seguinte padrão considerando-se do TCU, por meio do Acórdão 1904/2007(IBGE) que a empresa suporta apenas os 15 primeiros dias da licença, os demais são pagos pelo INSS. Para efetuar o cálculo, utiliza-se a estatística de 5 faltas em 1 ano. {[( 5 / 30) / 12] x 100} = {[ 0,1666 / 12] x 100} = {0,0139 x 100} = 1,39%. | H83: 0.0139 | I83: =$I$26*H83 -> 30.321738
A84: TOTAL SUBMÓDULO 4.1 | H84: =TRUNC(SUM(H78:H83),4) -> 0.0209 | I84: =TRUNC(SUM(I78:I83),2) -> 45.59
A86: Submódulo 4.2 - Intrajornada | H86: % | I86: VALOR (R$)
A87: A | B87: Intervalo para Repouso ou Alimentação | H87: 0 | I87: =$I$27*H87 -> 0
A88: TOTAL SUBMÓDULO 4.2 | H88: =TRUNC(SUM(H87),4) -> 0 | I88: =TRUNC(SUM(I87),2) -> 0
A90: QUADRO-RESUMO DO MÓDULO 4 - CUSTO DE REPOSIÇÃO DO PROFISSIONAL AUSENTE
A91: Módulo 4 - Custo de Reposição do Profissional Ausente | I91: VALOR (R$)
A92: 4.1 | B92: Ausências Legais | I92: =I84 -> 45.59
A93: 4.2 | B93: Intrajornada | I93: =I88 -> 0
A94: TOTAL DO MÓDULO 4 | I94: =TRUNC(SUM(I92:I93),2) -> 45.59
A96: MÓDULO 5 – INSUMOS DIVERSOS
A97: 5 | B97: INSUMOS DIVERSOS | I97: VALOR (R$)
A98: A | B98: Uniformes/EPI | H98: - | I98: 88.76
A99: B | B99: Materiais | H99: - | I99: 0
A100: C | B100: Equipamentos | H100: - | I100: 0
A101: D | B101: Outros (especificar) | H101: - | I101: 0
A102: TOTAL DO MÓDULO 5 | H102: - | I102: =TRUNC(SUM(I98:I101),2) -> 88.76
A104: MÓDULO 6 – CUSTOS INDIRETOS, TRIBUTOS E LUCRO
A105: 6 | B105: CUSTOS INDIRETOS, TRIBUTOS E LUCRO | H105: % | I105: VALOR (R$)
A106: A | B106: Custos Indiretos | H106: 0.03 | I106: =TRUNC(H106*I130,2) -> 136.65
A107: B | B107: Lucro | H107: 0.0679 | I107: =TRUNC(H107*(I106+I130),2) -> 318.56
A108: C | B108: TRIBUTOS (A empresa deve apresentar o regime tributário e as alíquotas as quais está sujeita)
A109: C.1 | B109: PIS - Para empresas do regime de tributação pelo regime Lucro Real (regime não cumulativo) aliquota de 1,65% (Lei 10.637, de 2002, art. 2º); Para empresas do regime de tributação Lucro Presumido (regime cumulativo) alíquota de 0,65%. (Lei nº 9.715, de 1998, art. 8º, inciso I e posteriores alterações) | H109: 0.0165 | I109: =TRUNC(H109*I119,2) -> 96.4
A110: C.2 | B110: COFINS - Para empresas do regime de tributação Lucro Real (regime não cumulativo) alíquota de 7,60% (Lei 10.833, de 2003, art.2º); Para empresas do regime de tributação Lucro Presumido (regime cumulativo) alíquota de 3,00%. (Lei nº 9.718, de 1998, art. 8º e posteriores alterações) | H110: 0.076 | I110: =TRUNC(H110*I119,2) -> 444.05
A111: C.3 | B111: ISS | H111: 0.05 | I111: =TRUNC(H111*I119,2) -> 292.14
A112: TOTAL DO MÓDULO 6 | H112: =SUM(H106:H111) -> 0.2404 | I112: =TRUNC(SUM(I106:I111),2) -> 1287.8
A114: a) | B114: Tributos % = To = ............................................................. | H114: =TRUNC(H109+H110+H111,4) -> 0.1425
...

Sheet MOTORISTA CAMINHÃO SINTROCERN
A1: PLANILHA DE CUSTOS E FORMAÇÃO DE PREÇOS
A2: MODELO PARA A CONSOLIDAÇÃO E APRESENTAÇÃO DE PROPOSTAS
A3: Categoria profissional: MOTORISTA DE CAMINHÃO TOCO (MUNCK)
A5: Discriminação dos Serviços
A6: A | B6: Município | H6: Mossoró
A7: B | B7: Ano do Acordo, Convenção ou Dissídio Coletivo | H7: SINTROCERN CCT RN000354/2024
A8: C | B8: Nº de meses de execução contratual | H8: 12
A10: Dados para composição dos custos referentes à mão-de-obra
A11: 1 | B11: Tipo de serviço (mesmo serviço com características distintas) | H11: Motorista
A12: 2 | B12: Classificação Brasileira de Ocupações (CBO) | H12: 7825-15
A13: 3 | B13: Salário Nominativo da Categoria Profissional | H13: 2204
A14: 4 | B14: Categoria profissional (vinculada à execução contratual) | H14: Motorista de caminhão toco (munck)- Carga horária de 44 horas semanais
A15: 5 | B15: Data base da categoria (dia/mês/ano) | H15: 45413
A17: MÓDULO 1 - COMPOSIÇÃO DA REMUNERAÇÃO
A18: 1 | B18: COMPOSIÇÃO DA REMUNERAÇÃO | H18: % | I18: VALOR (R$)
A19: A | B19: Salário Base | I19: 2204
A20: B | B20: Adicional Periculosidade | H20: 0.3 | I20: =I19*30/100 -> 661.2
A21: C | B21: Adicional Insalubridade
A22: D | B22: Adicional Noturno
A23: E | B23: Adicional de Hora Noturna Reduzida
A24: F | B24: Adicional de Hora Extra no Feriado Trabalhado
A25: G | B25: Outros (especificar) | I25: 0
A26: TOTAL DO MÓDULO 1 | I26: =TRUNC(SUM(I19:I25),2) -> 2865.2
A28: MÓDULO 2 – ENCARGOS E BENEFÍCIOS ANUAIS, MENSAIS E DIÁRIOS
A29: Submódulo 2.1 - 13º Salário, Férias e Adicional de Férias | H29: % | I29: VALOR (R$)
A30: A | B30: 13 (Décimo-terceiro) salário -Cálculo: 1/12*100 ( Art.7º, VIII, CF/88, Anexo VII-D da IN nº 05/2017) | H30: 0.0833 | I30: =$I$26*H30 -> 238.67116
A31: B | B31: Férias e Adicional de Férias - Cálculo: 1/11x100+1/3x1/11 x100 (% Conta Vinculada- Anexo XII da IN nº 05/2017) | H31: 0.121 | I31: =H31*I26 -> 346.6892
A32: TOTAL SUBMÓDULO 2.1 | H32: =TRUNC(SUM(H30:H31),4) -> 0.2043 | I32: =TRUNC(SUM(I30:I31),2) -> 585.36
A34: Submódulo 2.2 - GPS, FGTS e Outras Contribuições | H34: % | I34: VALOR (R$)
A35: A | B35: INSS (Art. 22, Inciso I da Lei 8.212/91) | H35: 0.2 | I35: =H35*($I$26+I32) -> 690.112
A36: B | B36: Salário Educação (Art.3º, Inciso I, Decreto 87.043/82) | H36: 0.025 | I36: =H36*($I$26+I32) -> 86.264
A37: C | B37: SAT (Seguro Acidente de Trabalho) (RATxFAP – Fundamentação: art. 22, inciso II, alíneas ‘b’ e ‘c’, da Lei nº 8.212/91. Conforme GFIP do mês anterior à data da proposta – Para estimativa, foi considerado o maior valor possível). A empresa deve comprovar a alíquota efetiva que utiliza. | H37: 0.03 | I37: =H37*($I$26+I32) -> 103.5168
A38: D | B38: SESC ou SESI (Art.3º, da lei 8036/90) | H38: 0.015 | I38: =H38*($I$26+I32) -> 51.7584
A39: E | B39: SENAI - SENAC (Decreto 2.318/86) | H39: 0.01 | I39: =H39*($I$26+I32) -> 34.5056
A40: F | B40: SEBRAE (Art.8º, Lei 8029/90 e Lei 8154/90) | H40: 0.006 | I40: =H40*($I$26+I32) -> 20.70336
A41: G | B41: INCRA (Dec.Lei 1146/70) | H41: 0.002 | I41: =H41*($I$26+I32) -> 6.90112
A42: H | B42: FGTS (Art.15, da Lei 8036/90 e Art.7º III, CF) | H42: 0.08 | I42: =H42*($I$26+I32) -> 276.0448
A43: TOTAL SUBMÓDULO 2.2 | H43: =SUM(H35:H42) -> 0.368 | I43: =TRUNC(SUM(I35:I42),2) -> 1269.8
A45: Submódulo 2.3 - Benefícios Mensais e Diários | I45: VALOR (R$)
A46: A | B46: Transporte - Cálculo: Valor V.T. x nº de passagens por dia x nº de dias trabalhados – (6% x S.B.) (Decreto nº 10.854/2021) | H46: - | I46: =IF(ROUND((H47*H48*H49)-(I19*0.06),2)<0,0,ROUND((H47*H48*H49)-(I19*0.06),2)) -> 12.96
B47: A.1) Valor da passagem do transporte coletivo no município prestação dos serviços | H47: 3.3
B48: A.2) Quantidade de passagens por dia por empregado | H48: 2
B49: A.3) Quantidade de dias do mês de recebimento de passagens | H49: 22
A50: B | B50: Auxílio-Refeição/Alimentação - (Cláusula 17ª CCT RN000354/2024) | H50: 28 | I50: =H51*H50 -> 616
B51: B.1) Quantidade de Auxílio-Alimentação por dia | H51: 22
A52: C | B52: Plano de Asssitência e cuidado Pessoal | H52: - | I52: 31.9
A53: D | B53: Auxílio Saúde - (Cláusula 19ª CCT RN000354/2024 ) | H53: - | I53: 170
A54: E | B54: Outros(especificar) | H54: - | I54: 0
A55: TOTAL SUBMÓDULO 2.3 | I55: =SUM(I46:I54) -> 830.86
A57: QUADRO-RESUMO DO MÓDULO 2 - ENCARGOS, BENEFÍCIOS ANUAIS, MENSAIS E DIÁRIOS
A58: Módulo 2 - Encargos, Benefícios Anuais, Mensais e Diários | I58: VALOR (R$)
A59: 2.1 | B59: 13º Salário, Férias e Adicional de Férias | I59: =I32 -> 585.36
A60: 2.2 | B60: GPS, FGTS e Outras Contribuições | I60: =I43 -> 1269.8
A61: 2.3 | B61: Benefícios Mensais e Diários | I61: =I55 -> 830.86
A62: TOTAL DO MÓDULO 2 | I62: =TRUNC(SUM(I59:I61),2) -> 2686.02
A64: MÓDULO 3 – PROVISÃO E CUSTO PARA RECISÃO
A65: 3.1 | B65: PROVISÃO PARA RESCISÃO | H65: % | I65: VALOR (R$)
A66: A | B66: Aviso Prévio Indenizado - Artigos 7º, XXI, da CF/88, 477, 487 e 491, da CLT. Dado estatístico do TCU, por meio do Acórdão 1904/2007 Considerando-se que 5,55% dos empregados são substituídos durante o ano. Cálculo: {[0,0555 x (1 / 12)] x 100} = 0,46%. Caso conste o percentual na CCT esta deverá ser utilizada com parâmetro. Na prorrogação a empresa deverá apresentar documentos comprobatórios dos avisos prévios indenizados para adequação dos percentuais na renovação contratual. | H66: 0.0046 | I66: =$I$26*H66 -> 13.17992
A67: B | B67: Incidência do FGTS sobre Aviso Prévio Indenizado - Cálculo: Percentual de recolhimento do FGTS (8%) * percentual Aviso Prévio indenizado | H67: =8%*H66 -> 0.000368 | I67: =H67*I26 -> 1.0543936
A68: C | B68: Multa do FGTS sobre o Aviso Prévio Indenizado - Cálculo: % Multa sobre FGTS = [1 + 2/12 + (1/3 × 1/12 ) ] × 0,08 × 0,4 × 0,9 × 100 ≅ 3,44%, onde: % Multa sobre FGTS = Índice que demonstra o custo estimado com a Multa do FGTS sobre o Aviso Prévio Indenizado, 1= Remuneração mensal, 2/12 = Estimativa de 13º e férias sobre a remuneração, (1/3 × 1/12 )= Estimativa de 1/3 de férias , 0,08 = Alíquota do FGTS, 0,4 = Alíquota da Multa sobre o saldo do FGTS, 0,9 = 90% dos funcionários remanescentes(Para fins deste modelo, considera-se que cerca de 10% dos empregados pedem demissão, e, portanto, o custo da multa sobre o saldo do FGTS recai sobre os 90% remanescentes). Manual de preenchimento do modelo de planilhas de custos e de formação de preços do Superior Tribunal de Justiça / Superior Tribunal de Justiça(STJ), 2020. Pág.63 | H68: 0.0344 | I68: =$I$26*H68 -> 98.56288
A69: D | B69: Aviso Prévio Trabalhado - Artigos, 7º, XXI, da CF/88, 477, 487 e 491 da CLT. Há uma redução da jornada em duas horas por dia ou em sete dias. Cálculo: {[(7/ 30) / 12] x 100} = 1,94%. Na prorrogação contratual adotara-se as diretrizes do Acórdão do TCU nº 1.186/2017 Plenário: "9.2. determinar ao Tribunal Regional do Trabalho da 6ª Região que, nas futuras contratações de mão de obra terceirizada, esteja expresso na minuta do contrato que a parcela mensal a título de aviso prévio trabalhado será no percentual máximo de 1,94% no primeiro ano, nos termos dos Acórdãos 1904/2007-TCU-Plenário e 3006/2010-TCU-Plenário, e, em caso de prorrogação do contrato, o percentual máximo dessa parcela será de 0,194% a cada ano de prorrogação, a ser incluído por ocasião da formulação do aditivo da prorrogação do contrato, conforme ditames da Lei 12.506/2011;" | H69: 0.0194 | I69: =$I$26*H69 -> 55.58488
A70: E | B70: Incidência dos encargos do submódulo 2.2 sobre Aviso Prévio Trabalhado | H70: =H43*H69 -> 0.0071392 | I70: =$I$26*H70 -> 20.455236
A71: F | B71: Multa do FGTS sobre o Aviso Prévio Trabalhado - Cálculo: % Multa sobre FGTS = 0,0194 × 0,08 × 0,4 × 100 ≅ 0,062% , onde: % Multa sobre FGTS = Índice que demonstra o custo estimado com a Multa do FGTS sobre o Aviso Prévio Trabalhado, 1= Remuneração mensal, APT = Aviso Prévio Trabalhado disposto no item “D” do Módulo 3, 0,08 = Alíquota do FGTS, 0,4 = Alíquota da Multa sobre o saldo do FGTS. Manual de preenchimento do modelo de planilhas de custos e de formação de preços do Superior Tribunal de Justiça / Superior Tribunal de Justiça(STJ), 2020. Pág.66 | H71: 0.00062 | I71: =$I$26*H71 -> 1.776424
A72: TOTAL DO MÓDULO 3 | H72: =TRUNC(SUM(H66:H71),4) -> 0.0665 | I72: =TRUNC(SUM(I66:I71),2) -> 190.61
A74: MÓDULO 4 – CUSTO DE REPOSIÇÃO DO PROFISSIONAL AUSENTE
A75: Submódulo 4.1 - Ausências Legais | H75: % | I75: VALOR (R$)
A76: A | B76: Férias - No segundo ano em diante o empregado trabalha 11 e tira férias (1 salário x (1/11)x100 = 9,09% ), então entende-se que a provisão mais correta seria por 11 meses ao invés de 12. No primeiro ano fica a provisão das férias no Módulo 2.1, enquanto que, as férias do substituto é glosada (não paga), daí a partir da primeira prorrogação inverte-se. | H76: 0 | I76: =$I$26*H76 -> 0
A77: B | B77: Ausências Legais - Artigo 473 da CLT. Faltas abonadas por lei, 2 dias em caso de morte do cônjuge, ascendente ou descendente; 1 dia para registro de nascimento de filho; 3 dias para casamento; 1 dia para doação de sangue; 2 dias para alistamento eleitoral; e 1 dia para exigências do serviço militar; entre outros Caso não disponha na CCT pode-se utilizar o Dado estatístico do TCU, por meio do Acórdão 1904/2007(IBGE): em média, uma ausência ao ano. Cálculo: {[(1 / 30) / 12] x 100} = 0,28% Na prorrogação do contrato a empresa deverá apresentar declaração de doação de sangue emitido pelo laboratório, certidão de nascimento de filhos ou de óbito de parentes e demais comprovantes que justifiquem as faltas consoante o planilhamento e, opcionalmente, comprovação de pagamento de diaristas para cobrir o profissional ausente. | H77: 0.0028 | I77: =$I$26*H77 -> 8.02256
A78: C | B78: Licença Paternidade - Artigos 7º, XIX, da CF/88 e art. 10 § 1º da ADCT. Caso não disponha na CCT pode-se utilizar o seguinte, Dado estatístico do IBGE (2015): 1,72% (ou média história se houver) tornam-se pais em um ano. A licença é de cinco dias. Cálculo: {[(5 / 30) / 12] x 0,0172} x 100 = 0,02%. Obs: Algumas empresas são cadastrada no programa Empresa Cidadã, o prazo será estendido para 20 dias (cinco dias, prorrogáveis por mais 15 dias. Na prorrogação do contrato a empresa deverá apresentar as certidões de nascimento dos filhos dos empregados, planilhar e comprovar os custos das 5 diárias para repor cada empregado nesse período de licença e dividir por 12 para apropriar essa despesa na planilha mensal. | H78: 0.0002 | I78: =$I$26*H78 -> 0.57304
A79: D | B79: Ausência por Acidente de Trabalho - Artigos 19 a 23 da Lei n.º 8.213/91. Caso não disponha na CCT pode-se utilizar o seguinte padrão considerando-se os dados estatístico do TCU, por meio do Acórdão 1904/2007(IBGE)[Fonte: IBGE]: 8% sofrem acidente durante o ano. Cotados os 15 primeiros dias pagos pela empresa. Cálculo: {[(15 / 30) / 12] 0,08} x 100 = 0,33%. Na prorrogação do contrato a empresa deverá apresentar cópia dos comunicados de afastamento emitidos pela Previdência Social (RFB) para comprovar que teve o custo dos 15 primeiros dias de trabalho do empregado, inclusive planilhar e comprovar o custo dessas 15 diárias para manter o posto de serviço. | H79: 0.0033 | I79: =$I$26*H79 -> 9.45516
A80: E | B80: Afastamento Maternidade - Art. 392 CLT. Caso não disponha na CCT pode-se utilizar o seguinte padrão, o salário referente ao período de licença maternidade é coberto pela previdência social, inclusive a gratificação natalina respectiva, de modo que o salário do substituto e o décimo terceiro respectivo já consta na planilha de custos. Contudo, a previdência social não cobre a remuneração de férias proporcional ao período da licença, de modo que a planilha acaba não cobrindo as férias do substituto. Para resolver tal situação, deve-se incluir no item as férias sobre licença maternidade. Para tanto, sugere-se o seguinte cálculo: 12,10% = 0,1210 (custo sobre os salários das férias integrais dos trabalhadores), 1,72% = 0,0172 (percentual estatístico adotado como de empregadas que se afastam por licença maternidade, ou média histórica se houver), 4 meses ao ano = 4/12 = 0,3333 (período em um ano que se referem as férias proporcionais ora calculadas). Cálculo [(0,1210 x 0,0172 x 0,333) x 100] = 0,07%. Na prorrogação do contrato a empresa deverá apresentar as certidões de nascimento dos filhos dos empregados, planilhar e comprovar os custos das 4 meses para repor cada empregada nesse período de licença e dividir por 12 para apropriar essa despesa na planilha mensal. | H80: 0.0007 | I80: =$I$26*H80 -> 2.00564
A81: F | B81: Ausência por Auxílio Doença - Artigos 59 a 64 da Lei n.º 8.213/91 e 71 a 80 do Regulamento da Previdência Social, caso não disponha na CCT pode-se utilizar o seguinte padrão considerando-se do TCU, por meio do Acórdão 1904/2007(IBGE) que a empresa suporta apenas os 15 primeiros dias da licença, os demais são pagos pelo INSS. Para efetuar o cálculo, utiliza-se a estatística de 5 faltas em 1 ano. {[( 5 / 30) / 12] x 100} = {[ 0,1666 / 12] x 100} = {0,0139 x 100} = 1,39%. | H81: 0.0139 | I81: =$I$26*H81 -> 39.82628
A82: TOTAL SUBMÓDULO 4.1 | H82: =TRUNC(SUM(H76:H81),4) -> 0.0209 | I82: =TRUNC(SUM(I76:I81),2) -> 59.88
A84: Submódulo 4.2 - Intrajornada | H84: % | I84: VALOR (R$)
A85: A | B85: Intervalo para Repouso ou Alimentação | H85: 0 | I85: =$I$27*H85 -> 0
A86: TOTAL SUBMÓDULO 4.2 | H86: =TRUNC(SUM(H85),4) -> 0 | I86: =TRUNC(SUM(I85),2) -> 0
A88: QUADRO-RESUMO DO MÓDULO 4 - CUSTO DE REPOSIÇÃO DO PROFISSIONAL AUSENTE
A89: Módulo 4 - Custo de Reposição do Profissional Ausente | I89: VALOR (R$)
A90: 4.1 | B90: Ausências Legais | I90: =I82 -> 59.88
A91: 4.2 | B91: Intrajornada | I91: =I86 -> 0
A92: TOTAL DO MÓDULO 4 | I92: =TRUNC(SUM(I90:I91),2) -> 59.88
A94: MÓDULO 5 – INSUMOS DIVERSOS
A95: 5 | B95: INSUMOS DIVERSOS | I95: VALOR (R$)
A96: A | B96: Uniformes/EPI | H96: - | I96: 88.76
A97: B | B97: Materiais | H97: - | I97: 0
A98: C | B98: Equipamentos | H98: - | I98: 0
A99: D | B99: Outros (especificar) | H99: - | I99: 0
A100: TOTAL DO MÓDULO 5 | H100: - | I100: =TRUNC(SUM(I96:I99),2) -> 88.76
A102: MÓDULO 6 – CUSTOS INDIRETOS, TRIBUTOS E LUCRO
A103: 6 | B103: CUSTOS INDIRETOS, TRIBUTOS E LUCRO | H103: % | I103: VALOR (R$)
A104: A | B104: Custos Indiretos | H104: 0.03 | I104: =TRUNC(H104*I128,2) -> 176.71
A105: B | B105: Lucro | H105: 0.0679 | I105: =TRUNC(H105*(I104+I128),2) -> 411.96
A106: C | B106: TRIBUTOS (A empresa deve apresentar o regime tributário e as alíquotas as quais está sujeita)
A107: C.1 | B107: PIS - Para empresas do regime de tributação pelo regime Lucro Real (regime não cumulativo) aliquota de 1,65% (Lei 10.637, de 2002, art. 2º); Para empresas do regime de tributação Lucro Presumido (regime cumulativo) alíquota de 0,65%. (Lei nº 9.715, de 1998, art. 8º, inciso I e posteriores alterações) | H107: 0.0165 | I107: =TRUNC(H107*I117,2) -> 124.67
A108: C.2 | B108: COFINS - Para empresas do regime de tributação Lucro Real (regime não cumulativo) alíquota de 7,60% (Lei 10.833, de 2003, art.2º); Para empresas do regime de tributação Lucro Presumido (regime cumulativo) alíquota de 3,00%. (Lei nº 9.718, de 1998, art. 8º e posteriores alterações) | H108: 0.076 | I108: =TRUNC(H108*I117,2) -> 574.24
A109: C.3 | B109: ISS | H109: 0.05 | I109: =TRUNC(H109*I117,2) -> 377.79
A110: TOTAL DO MÓDULO 6 | H110: =SUM(H104:H109) -> 0.2404 | I110: =TRUNC(SUM(I104:I109),2) -> 1665.37
A112: a) | B112: Tributos % = To = ............................................................. | H112: =TRUNC(H107+H108+H109,4) -> 0.1425
B113: 100
A115: b) | B115: (Total dos Módulos 1, 2, 3, 4 e 5+ Custos indiretos + lucro)= Po = ................................... | I115: =TRUNC(I128+I104+I105,2) -> 6479.14
...

Sheet DEMONSTRATIVO FINAL
A1: DEMONSTRATIVO DO VALOR TOTAL DA PROPOSTA FORMAÇÃO DE PREÇO
A2: Planilha de Custo dos Postos
A4: Item | B4: Tipo do Posto(A) | C4: Base Salarial de acordo com a CCT e aditivos | D4: Valor por empregado(B) | E4: Quant De empregados por posto(C) | F4: Valor por posto (D)=(BxC) | G4: Quant De Postos(E) | H4: Valor total serviço(F)=(DxE) | I4: Quant. De Postos para 12 meses/(G) | J4: Valor Total Anual Serviço(H)=(GxD)
A5: 1 | B5: Eletrotécnico | C5: ='ELETROTÉCNICO SINDLIMP'!I19 -> 4080.65 | D5: ='ELETROTÉCNICO SINDLIMP'!I131 -> 12217.72 | E5: 1 | F5: =D5*E5 -> 12217.72 | G5: 3 | H5: =F5*G5 -> 36653.16 | I5: =12*G5 -> 36 | J5: =I5*F5 -> 439837.92
A6: 2 | B6: Eletricista | C6: ='ELETRICISTA SINDLIMP'!I19 -> 2276.01 | D6: ='ELETRICISTA SINDLIMP'!I131 -> 7096.74 | E6: 1 | F6: =D6*E6 -> 7096.74 | G6: 8 | H6: =F6*G6 -> 56773.92 | I6: =12*G6 -> 96 | J6: =I6*F6 -> 681287.04
A7: 3 | B7: Auxiliar de Eletricista | C7: ='AUXILIAR ELETRICISTA SINDLIMP'!I19 -> 1607.81 | D7: ='AUXILIAR ELETRICISTA SINDLIMP'!I130 -> 5170.03 | E7: 1 | F7: =D7*E7 -> 5170.03 | G7: 8 | H7: =F7*G7 -> 41360.24 | I7: =12*G7 -> 96 | J7: =I7*F7 -> 496322.88
A8: 4 | B8: Motorista de Veículo Leve | C8: ='MOTORISTA CAT. B SINTRO'!I19 -> 2181.42 | D8: ='MOTORISTA CAT. B SINTRO'!I132 -> 5842.85 | E8: 1 | F8: =D8*E8 -> 5842.85 | G8: 1 | H8: =F8*G8 -> 5842.85 | I8: =12*G8 -> 12 | J8: =I8*F8 -> 70114.2
A9: 5 | B9: Motorista de Caminhão Toco (Munck) | C9: ='MOTORISTA CAMINHÃO SINTROCERN'!I19 -> 2204 | D9: ='MOTORISTA CAMINHÃO SINTROCERN'!I130 -> 7555.84 | E9: 1 | F9: =D9*E9 -> 7555.84 | G9: 1 | H9: =F9*G9 -> 7555.84 | I9: =12*G9 -> 12 | J9: =I9*F9 -> 90670.08
A10: TOTAL DE POSTOS | G10: =SUM(G5:G9) -> 21 | I10: =SUM(I5:I9) -> 252
A11: VALOR TOTAL MENSAL | H11: =SUM(H5:H9) -> 148186.01 | I11: P/12 meses | J11: =12*H11 -> 1778232.1
A12: 5% PARA PROVISIONAMENTO DE DIÁRIAS E HORAS EXTRAS (POR DEMANDA) | H12: =H11*5% -> 7409.3005 | I12: P/12 meses | J12: =12*H12 -> 88911.606
A13: TOTAL GLOBAL MENSAL | H13: =H11+H12 -> 155595.31
A14: TOTAL ANUAL | H14: =12*H13 -> 1867143.7

Sheet DEMONSTRAT. TERMO DE REFERÊNCIA
A2: Planilha de Custo dos Postos
A4: Item | B4: Cargos | C4: Valor Unitário do Posto | D4: Quantidade mensal | E4: Valor Mensal | F4: Quantidade anual | G4: Valor Anual | H4: Valor por empregado(B) | I4: Quant De empregados por posto(C)
A5: 1 | B5: Eletrotécnico | C5: =H5*I5 -> 12217.72 | D5: 3 | E5: =C5*D5 -> 36653.16 | F5: =12*D5 -> 36 | G5: =C5*F5 -> 439837.92 | H5: ='ELETROTÉCNICO SINDLIMP'!I131 -> 12217.72 | I5: 1
A6: 2 | B6: Eletricista | C6: =H6*I6 -> 7096.74 | D6: 8 | E6: =C6*D6 -> 56773.92 | F6: =12*D6 -> 96 | G6: =C6*F6 -> 681287.04 | H6: ='ELETRICISTA SINDLIMP'!I131 -> 7096.74 | I6: 1
A7: 3 | B7: Auxiliar de Eletricista | C7: =H7*I7 -> 5170.03 | D7: 8 | E7: =C7*D7 -> 41360.24 | F7: =12*D7 -> 96 | G7: =C7*F7 -> 496322.88 | H7: ='AUXILIAR ELETRICISTA SINDLIMP'!I130 -> 5170.03 | I7: 1
A8: 4 | B8: Motorista de Veículo Leve | C8: =H8*I8 -> 5842.85 | D8: 1 | E8: =C8*D8 -> 5842.85 | F8: =12*D8 -> 12 | G8: =C8*F8 -> 70114.2 | H8: ='MOTORISTA CAT. B SINTRO'!I132 -> 5842.85 | I8: 1
A9: 5 | B9: Motorista de Caminhão Toco (Munck) | C9: =H9*I9 -> 7555.84 | D9: 1 | E9: =C9*D9 -> 7555.84 | F9: =12*D9 -> 12 | G9: =C9*F9 -> 90670.08 | H9: ='MOTORISTA CAMINHÃO SINTROCERN'!I130 -> 7555.84 | I9: 1
A10: TOTAL DE POSTOS | D10: =SUM(D5:D9) -> 21 | F10: =SUM(F5:F9) -> 252
A11: VALOR TOTAL MENSAL | E11: =SUM(E5:E9) -> 148186.01 | F11: P/12 meses | G11: =SUM(G5:G9) -> 1778232.1
A12: 5% PARA PROVISIONAMENTO DE DIÁRIAS E HORAS EXTRAS (POR DEMANDA) | E12: =5%*E11 -> 7409.3005 | F12: P/12 meses | G12: =12*E12 -> 88911.606
A13: TOTAL GLOBAL MENSAL | E13: =E11+E12 -> 155595.31
A14: TOTAL ANUAL | E14: =G11+G12 -> 1867143.7
